 Dungeon Crawl Stone Soup version 0.31.0-9-g3a7656b989 (webtiles) character file.

Game seed: 14550484952570909446

18618811 Khashishi the Cruiserweight Champion (level 27, 387/387 HPs)
             Began as a Naga Shapeshifter on Jan 24, 2024.
             Was a High Priest of Jiyva.
             Escaped with the Orb
             ... and 15 runes
             ... and 4 gems on Jan 25, 2024!
             The game lasted 14:50:55 (84746 turns).

Khashishi the Cruiserweight Champion (NaSh)        Turns: 84746, Time: 14:50:55

Health: 387/387    AC: 43    Str: 28      XL:     27
Magic:  53/53      EV: 29    Int: 22      God:    Jiyva [*****.]
Gold:   11122      SH: 16    Dex: 16 (20) Spells: 8/68 levels left

rFire   + +          +
                       - Unarmed
rCold   + + .        Y - +3 buckler {rC+}
rNeg    + + +        J - melded +2 ring mail "Ponebuyt" {rC+ Str+2 Dex+3}
rPois   ∞            G - +3 hat of Zuegyger {Fly Str+4 Dex+3}
rElec   +            b - +1 cloak of Follow the Leader {Fly rPois rF+++ rN+ Will-}
rCorr   +            a - melded +2 pair of gloves {Str+3}
SInv    +            g - melded +2 barding of Inevitability {Regen+ Int+3}
Will    +++..        o - amulet "Quipoz" {Reflect *Slow Regen+ Int+6 SH+5 SInv}
Stlth   +++          w - ring "Nijegul" {Wiz rPois rC+ rN+ Str+3}
HPRegen 3.08/turn    F - ring of Fragile Peace {Will+ EV+5 Dex+2}
MPRegen 1.05/turn

%: slow self (1%), reflection, wizardry (x1)
@: statue-form, flying, studying 4 skills, very slow
A: slow and powerful, torment resistance 1, boosted hp, AC +9, large, see
invisible, deformed body, poison resistance, (slowness 2), spit poison 1, naga
tail 2, antennae 1, stinger 1, (iridescent scales 3), camouflage 1, fire
resistance 3, high MP 1, wild magic 3, eyeballs 2, (gelatinous body 1),
pseudopods 1, sturdy frame 1
0: Orb of Zot
}: 15/15 runes: barnacled, slimy, silver, golden, iron, obsidian, icy, bone,
abyssal, demonic, glowing, magical, fiery, dark, gossamer
a: Spit Poison, Begin Untransformation, Renounce Religion, Oozemancy, Slimify


You escaped.
You worshipped Jiyva.
Jiyva was extremely pleased with you.
You were a living statue of rough stone.
You visited 18 branches of the dungeon, and saw 88 of its levels.
You visited Pandemonium 1 time, and saw 14 of its levels.
You visited the Abyss 2 times.
You visited 1 ziggurat, and saw 19 of its levels.
You also visited: Ice Cave.

You collected 13098 gold pieces.
You spent 1976 gold pieces at shops.

Inventory:

Armour
 a - a +2 pair of gloves of strength (melded)
 b - the +1 cloak of Follow the Leader (worn) {Fly rPois rF+++ rN+ Will-}
   (You found it on level 2 of the Crypt)

   rF+++:     It renders you almost immune to fire.
   rPois:     It protects you from poison rN+: It protects you from negative
   energy.
   Will-:     It decreases your willpower.
   Fly:       It grants you flight.
 g - the +2 barding of Inevitability (melded) {Regen+ Int+3}
   (You acquired it on level 2 of the Realm of Zot)

   Int+3:     It affects your intelligence (+3).
   Regen+:    It increases your rate of health regeneration.
 z - the +1 pair of gloves of Intercession {Will+ Dex+3 Stlth+}
   (You found it on level 3 of the Tomb of the Ancients)

   Dex+3:     It affects your dexterity (+3).
   Will+:     It increases your willpower.
   Stlth+:    It makes you more stealthy.
 G - the +3 hat of Zuegyger (worn) {Fly Str+4 Dex+3}
   (You found it on level 2 of the Depths)

   Str+4:     It affects your strength (+4).
   Dex+3:     It affects your dexterity (+3).
   Fly:       It grants you flight.
 J - the +2 ring mail "Ponebuyt" (melded) {rC+ Str+2 Dex+3}
   (You found it on level 1 of the Shoals)

   Str+2:     It affects your strength (+2).
   Dex+3:     It affects your dexterity (+3).
   rC+:       It protects you from cold.
 U - the +1 helmet of Gozag's Fury {rElec Will+ Dex+2 SInv}
   (You found it on level 12 of the Dungeon)

   Dex+2:     It affects your dexterity (+2).
   rElec:     It insulates you from electricity.
   Will+:     It increases your willpower.
   SInv:      It lets you see invisible.
 Y - a +3 buckler of cold resistance (worn)
 Z - the +2 cloak of the Thief {*Fog Slay-2 SInv Stlth+}
   (You found it on level 5 of the Vaults)

   *Fog:      It may release a thick cloud of smoke when the wearer is hurt.
   Slay-2:    It affects your accuracy & damage with ranged weapons and melee
   (-2).
   SInv:      It lets you see invisible.
   Stlth+:    It makes you more stealthy.
Jewellery
 d - the ring of the Illusory Yaks {rElec MP+9 Str-2 Int+2 Dex+8 SInv}
   (You acquired it in Pandemonium)

   [ring of magical power]

   Str-2:     It affects your strength (-2).
   Int+2:     It affects your intelligence (+2).
   Dex+8:     It affects your dexterity (+8).
   rElec:     It insulates you from electricity.
   MP+9:      It affects your magic capacity (+9).
   SInv:      It lets you see invisible.
 e - the ring of Agiffekh {rF++ rCorr Str+6}
   (You found it in Pandemonium)

   [ring of strength]

   Str+6:     It affects your strength (+6).
   rF++:      It greatly protects you from fire.
   rCorr:     It protects you from acid and corrosion.
 m - the ring "Juam" {rPois rF++ AC+4}
   (You found it on level 7 of the Iron City of Dis)

   [ring of protection]

   AC+4:      It affects your AC (+4).
   rF++:      It greatly protects you from fire.
   rPois:     It protects you from poison
 n - the ring "Feitwesa" {rC+ Will+ Int+2}
   (You found it on level 4 of the Realm of Zot)

   [ring of willpower]

   Int+2:     It affects your intelligence (+2).
   rC+:       It protects you from cold.
   Will+:     It increases your willpower.
 o - the amulet "Quipoz" (around neck) {Reflect *Slow Regen+ Int+6 SH+5 SInv}
   (You found it on level 7 of Tartarus)

   [amulet of reflection]

   Reflect:   It reflects blocked missile attacks.
   Int+6:     It affects your intelligence (+6).
   SInv:      It lets you see invisible.
   Regen+:    It increases your rate of health regeneration.
   *Slow:     It may slow you when you take damage.
   SH+5:      It affects your SH (+5).
 p - the ring of the Keeping Gods {rC++ rN++ Will- Int+6}
   (You found it on level 3 of the Tomb of the Ancients)

   [ring of intelligence]

   Int+6:     It affects your intelligence (+6).
   rC++:      It greatly protects you from cold.
   rN++:      It greatly protects you from negative energy.
   Will-:     It decreases your willpower.
 u - the amulet "Xelatty" {Regen+ rCorr Dex+2}
   (You found it on level 3 of the Tomb of the Ancients)

   [amulet of regeneration]

   Dex+2:     It affects your dexterity (+2).
   Regen+:    It increases your rate of health regeneration.
   rCorr:     It protects you from acid and corrosion.
 w - the ring "Nijegul" (left fist) {Wiz rPois rC+ rN+ Str+3}
   (You found it on level 5 of the Pits of Slime)

   [ring of wizardry]

   Wiz:       It improves your spell success rate.
   Str+3:     It affects your strength (+3).
   rC+:       It protects you from cold.
   rPois:     It protects you from poison rN+: It protects you from negative
   energy.
 C - the ring "Ruthobbu" {rN+ Int+4 Dex+7}
   (You found it on level 3 of the Tomb of the Ancients)

   [ring of positive energy]

   Int+4:     It affects your intelligence (+4).
   Dex+7:     It affects your dexterity (+7).
   rN+:       It protects you from negative energy.
 F - the ring of Fragile Peace (right fist) {Will+ EV+5 Dex+2}
   (You took it off a deep elf master archer on level 3 of the Elven Halls)

   [ring of evasion]

   EV+5:      It affects your evasion (+5).
   Dex+2:     It affects your dexterity (+2).
   Will+:     It increases your willpower.
 H - the ring of Carikhli {Fly rCorr Str+3 Dex+5}
   (You found it on level 4 of the Realm of Zot)

   [ring of flight]

   Str+3:     It affects your strength (+3).
   Dex+5:     It affects your dexterity (+5).
   Fly:       It grants you flight.
   rCorr:     It protects you from acid and corrosion.
 W - the ring of Riraw {rPois Will+++ Str-5}
   (You found it on level 2 of the Depths)

   [ring of poison resistance]

   Str-5:     It affects your strength (-5).
   rPois:     It protects you from poison Will+++: It greatly increases your
   willpower.
Talismans
 f - a storm talisman
 M - a granite talisman (active)
Wands
 y - a wand of digging (30)
 A - a wand of quicksilver (60)
 N - a wand of roots (88)
Scrolls
 h - 7 scrolls of teleportation
 j - 5 scrolls of silence
 t - 10 scrolls of poison
 x - 5 scrolls of fog
 B - 4 scrolls of blinking
 D - 4 scrolls of amnesia
 K - 2 scrolls of immolation
 R - 7 scrolls of enchant armour
 S - 2 scrolls of butterflies
 T - 3 scrolls of fear
Potions
 c - 14 potions of curing
 k - 5 potions of ambrosia
 l - a potion of magic
 r - 9 potions of attraction
 s - 22 potions of mutation
 v - a potion of resistance
 E - 2 potions of might
 I - 4 potions of enlightenment
 O - 3 potions of heal wounds
 P - 4 potions of brilliance
 Q - 12 potions of cancellation
Miscellaneous
 i - a phial of floods
 q - a figurine of a ziggurat
 V - a lightning rod (2/4)
 X - a phantom mirror


   Skills:
 O Level 27 Fighting
 - Level 4.0 Short Blades
 - Level 6.0 Maces & Flails
 - Level 3.0 Polearms
 - Level 10.0 Armour
 O Level 27 Dodging
 + Level 21.4 Stealth
 + Level 14.9 Shields
 O Level 27 Unarmed Combat
 + Level 21.4 Spellcasting
 - Level 2.4 Conjurations
 + Level 20.3 Necromancy
 + Level 17.4 Translocations
 - Level 2.0 Fire Magic
 - Level 5.0 Air Magic
 - Level 12.0 Alchemy
 - Level 25.9 Shapeshifting


You had 8 spell levels left.
You knew the following spells:

 Your Spells              Type           Power      Damage    Failure   Level
a - Alistair's Intoxicat  Alch           65%        N/A       1%          5
b - Death Channel         Necr           60%        N/A       1%          6
c - Olgreb's Toxic Radia  Alch           98%        N/A       1%          4
d - Lesser Beckoning      Tloc           100%       N/A       1%          2
e - Manifold Assault      Tloc           100%       N/A       1%          4
f - Teleport Other        Tloc           100%       N/A       1%          3
g - Passage of Golubria   Tloc           100%       N/A       1%          4
h - Animate Dead          Necr           100%       N/A       1%          4
i - Dispersal             Tloc           56%        N/A       1%          6
j - Borgnjor's Revivific  Necr           60%        N/A       5%          8
v - Vhi's Electric Charg  Tloc/Air       100%       N/A       1%          4
A - Apportation           Tloc           100%       N/A       1%          1
B - Blink                 Tloc           100%       N/A       1%          2
D - Dispel Undead         Necr           100%       3d31      1%          4
F - Fugue of the Fallen   Necr           100%       N/A       1%          3

Your spell library contained the following spells:

 Spells                   Type           Power      Damage    Failure   Level
 Necrotise                Necr           100%       1d9       1%          1
 Shock                    Conj/Air       100%       1d9       1%          1
 Sting                    Conj/Alch      100%       1d9       1%          1
 Cigotuvi's Dreadful Rot  Necr/Alch/Air  100%       N/A       1%          2
 Mercury Vapours          Alch/Air       100%       N/A       1%          2
 Momentum Strike          Conj/Tloc      100%       3d10      1%          2
 Gell's Gravitas          Tloc           100%       N/A       1%          3
 Mephitic Cloud           Conj/Alch/Air  78%        N/A       1%          3
 Vampiric Draining        Necr           100%       2d13      1%          3
 Volatile Blastmotes      Fire/Tloc      100%       2d18      1%          3
 Anguish                  Hex/Necr       46%        N/A       1%          4
 Dimensional Bullseye     Hex/Tloc       43%        N/A       1%          4
 Iskenderun's Mystic Bla  Conj/Tloc      91%        2d18      1%          4
 Martyr's Knell           Necr/Summ      92%        N/A       1%          4
 Curse of Agony           Necr           100%       N/A       1%          5
 Foxfire                  Conj/Fire      100%       2x1d9     2%          1
 Magic Dart               Conj           100%       1d8       2%          1
 Searing Ray              Conj           100%       2d8       2%          2
 Static Discharge         Conj/Air       100%       3-8/arc   2%          2
 Swiftness                Air            72%        N/A       2%          3
 Fulminant Prism          Conj/Alch      40%        3d19      2%          4
 Ignite Poison            Fire/Alch      80%        N/A       2%          4
 Sticky Flame             Fire/Alch      80%        2d12      2%          4
 Borgnjor's Vile Clutch   Necr/Erth      46%        N/A       2%          5
 Scorch                   Fire           100%       2d9       3%          2
 Leda's Liquefaction      Alch/Erth      38%        N/A       3%          4
 Petrify                  Alch/Erth      76%        N/A       3%          4
 Summon Forest            Summ/Tloc      43%        N/A       3%          5
 Freeze                   Ice            100%       1d10      4%          1
 Sandblast                Erth           88%        2d18      4%          1
 Slow                     Hex            100%       N/A       4%          1
 Summon Small Mammal      Summ           100%       N/A       4%          1
 Airstrike                Air            36%        2d(6-22)  4%          4
 Eringya's Noxious Bog    Alch           49%        4d6       4%          6
 Call Imp                 Summ           88%        N/A       5%          2
 Ensorcelled Hibernation  Hex/Ice        88%        N/A       5%          2
 Jinxbite                 Hex            88%        N/A       5%          2
 Irradiate                Conj/Alch      40%        3d25      5%          5
 Dazzling Flash           Conj/Hex       100%       N/A       6%          3
 Hailstorm                Conj/Ice       53%        3d10      6%          3
 Inner Flame              Hex/Fire       52%        N/A       6%          3
 Stone Arrow              Conj/Erth      100%       3d13      6%          3
 Yara's Violent Unravell  Hex/Alch       38%        3d15      7%          5
 Call Canine Familiar     Summ           44%        N/A       9%          3
 Confusing Touch          Hex            44%        N/A       9%          3
 Frozen Ramparts          Ice            88%        1d14      9%          3
 Ozocubu's Armour         Ice            44%        N/A       9%          3
 Passwall                 Erth           44%        N/A       9%          3
 Sigil of Binding         Hex            44%        N/A       9%          3
 Summon Ice Beast         Ice/Summ       44%        N/A       9%          3
 Tukima's Dance           Hex            44%        N/A       9%          3
 Summon Lightning Spire   Summ/Air       60%        N/A       9%          4
 Flame Wave               Conj/Fire      59%        2d14      11%         4
 Disjunction              Tloc           56%        N/A       12%         8
 Brom's Barrelling Bould  Conj/Erth      53%        2d7       13%         4
 Arcjolt                  Conj/Air       33%        1d43      13%         5
 Summon Blazeheart Golem  Fire/Summ      52%        N/A       14%         4
 Animate Armour           Summ/Erth      88%        N/A       21%         4
 Cause Fear               Hex            22%        N/A       21%         4
 Freezing Cloud           Conj/Ice/Air   30%        6-21      21%         5
 Iskenderun's Battlesphe  Conj           60%        2d11      21%         5
 Silence                  Hex/Air        30%        N/A       21%         5
 Sculpt Simulacrum        Ice/Alch       38%        N/A       24%         6
 Haunt                    Necr/Summ      46%        N/A       24%         7
 Lee's Rapid Deconstruct  Erth           22%        3d12*     41%         5
 Metabolic Englaciation   Hex/Ice        22%        N/A       41%         5
 Conjure Ball Lightning   Conj/Air       33%        3x3d11    45%         6
 Plasma Beam              Fire/Air       32%        2x1d45    47%         6
 Starburst                Conj/Fire      29%        6d9       63%         6
 Bombard                  Conj/Erth      26%        9d5       75%         6
 Spellforged Servitor     Conj/Summ      26%        N/A       99%         7
 Enfeeble                 Hex            22%        N/A       100%        7
 Ozocubu's Refrigeration  Ice            22%        4d12      100%        7
 Summon Hydra             Summ           22%        N/A       100%        7
 Discord                  Hex            22%        N/A       100%        8
 Ignition                 Fire           28%        3d9       100%        8
 Lehudib's Crystal Spear  Conj/Erth      26%        10d7      100%        8
 Maxwell's Capacitive Co  Air            36%        ∞         100%        8
 Death's Door             Necr           60%        N/A       36%         9
 Chain Lightning          Conj/Air       33%        3d44      100%        9
 Fire Storm               Conj/Fire      29%        8d8       100%        9
 Polar Vortex             Ice            22%        12d2*     100%        9
 Shatter                  Erth           22%        3d19*     100%        9


Dungeon Overview and Level Annotations

Branches:
Dungeon (15/15)            Temple (1/1) D:4            Lair (5/5) D:10
 Shoals (4/4) Lair:2       Spider (4/4) Lair:3        Slime (5/5) Lair:5
    Orc (2/2) D:11            Elf (3/3) Orc:2        Vaults (5/5) D:13
  Crypt (3/3) Vaults:2       Tomb (3/3) Crypt:3      Depths (4/4) D:15
   Hell (visited)             Dis (7/7) Hell            Geh (7/7) Hell
    Coc (7/7) Hell            Tar (7/7) Hell            Zot (5/5) Depths:4
  IceCv (visited)

Altars:
Ashenzari
Cheibriados
Dithmenos
Elyvilon
Fedhas
Gozag
Hepliaklqana
Kikubaaqudgha
Makhleb
Nemelex Xobeh
Okawaru
Qazlal
Ru
Sif Muna
Trog
Uskayaw
Vehumet
Wu Jian
Xom
Yredelemnul
Zin
The Shining One
Ignis
Jiyva

Shops:
D:8 !   D:13 (   Orc:1 (   Orc:2 :[!!   Shoals:2 [   Shoals:3 (   Vaults:1 !
Vaults:2 :   Vaults:4 (

Portals:
Hell: Depths:1 Depths:2 Depths:3 Depths:4
Abyss: Depths:1 Depths:3
Pandemonium: Depths:1 Depths:2 Depths:4
Trove: Depths:3 (give 17 potions of curing)

Annotations:
Slime:2 Dissolution
Slime:5 Royal Jelly


Innate Abilities, Weirdness & Mutations

You are a living statue of rough stone.
Your actions are slow, but your melee attacks are powerful.
You are resistant to unholy torment.
Your maximum health is greatly increased.
Your equipment is partially melded.
((Your serpentine skin is tough. (AC +9)))
You are immune to poison.
You have supernaturally acute eyesight. (SInv)
Armour fits poorly on your strangely shaped body.
Your system is resistant to poisons. (rPois)
((You cover ground very slowly.))
You can spit poison.
You can use your snake-like lower body to constrict enemies.
You have a pair of small antennae on your head.
Your tail ends in a venomous barb.
((You are completely covered in iridescent scales. (AC +6)))
Your skin changes colour to match your surroundings (Stealth+).
Your flesh is almost immune to the effects of heat. (rF+++)
You have an increased reservoir of magic. (+10% MP)
Your spells are much harder to cast, but much more powerful.
Your body has grown many eyes which may confuse attackers. (Acc +5)
((Your rubbery body absorbs attacks. (AC +1, EV +1)))
Armour fits poorly on your pseudopods.
Your movements are slightly less encumbered by armour. (ER -2)


Message History

A balrug comes into view.
It is wielding a +2 demon whip of venom.
Casting: Manifold Assault (safe; 1% risk of failure)
Confirm with . or Enter, or press ? or * to list all spells.
Space momentarily warps into an impossible shape!
The balrug shouts!
You pummel the balrug like a punching bag!!!!
You kill the balrug!
Casting: Manifold Assault (safe; 1% risk of failure)
Confirm with . or Enter, or press ? or * to list all spells.
Aiming: Passage of Golubria (safe; 1% risk of failure)
Press: ? - help, Dir - move target, f - you
Okay, then.
Unknown command.
Casting: Passage of Golubria (safe; 1% risk of failure)
Confirm with . or Enter, or press ? or * to list all spells.
You don't know that spell.
What level of the Dungeon? (default 1, ? - help)
A sun demon comes into view.
Casting: Passage of Golubria (safe; 1% risk of failure)
Confirm with . or Enter, or press ? or * to list all spells.
Space momentarily warps into an impossible shape!
You closely miss the sun demon.
Casting: Manifold Assault (safe; 1% risk of failure)
Confirm with . or Enter, or press ? or * to list all spells.
Space momentarily warps into an impossible shape!
You pummel the sun demon like a punching bag!!!
You kill the sun demon!
What level of the Dungeon? (default 1, ? - help)
A shadow demon comes into view.
The shadow demon moves out of view.
There is a stone staircase leading up here.
You hear a distant slurping noise.
You fly upwards.
There is a stone staircase leading down here.
Okay, then.
Magic restored.
There is an open door here.
There is an open door here.
There is a staircase leading out of the dungeon here.
You have escaped!

##..#.########≈≈#.#..#..#.#≈≈#
#....## ###≈≈#.#..#..#.#≈≈###
#...## #....'.'.8#8.'.'....#
#...# #.#≈≈#.#..#..#.#≈≈#.##
#...# #.#≈≈#.#..#..#.#≈≈...#
#...# #####.#≈≈#.#.....#.#≈≈##.#
#...# #......≈##'###'###'##≈##..
#...####.###.#≈#..'.....+..#≈....
>..........#..≈#8.#######.⌠#≈##..
..............≈####≈≈≈≈≈####≈#...
...........###≈≈≈≈≈≈≈≈≈≈≈≈≈≈≈..##
#...####.#.......#### ######[#...
#...# #.........# #.###. #...#
###.####..# #.# #. #...#
#.##....###########.# ## #...#
####.##.##.##.......##.# #...#
#.....#.##.##.......##.#


There were no monsters in sight!

Vanquished Creatures
  Cerebov (Pan)
  Antaeus (Coc:7)
  Asmodeus (Geh:7)
  Ereshkigal (Tar:7)
  Gloorx Vloq (Pan)
  Lom Lobon (Pan)
  Mnoleg (Pan)
  A seraph (D:2)
  the Serpent of Hell (Dis:7)
  15 dread liches
  16 ancient liches
  3 orbs of fire (Zot:5)
  Dispater (Dis:7)
  Mara (Depths:2)
  3 juggernauts
  28 royal mummies
  Josephina (Crypt:3)
  Boris (twice) (Vaults:5 Zot:4)
  Bai Suzhen (Depths:1)
  A Killer Klown (Zot:5)
  Saint Roka (Orc:2)
  7 shard shrikes
  25 caustic shrikes
  4 curse toes
  Geryon (Hell)
  12 golden dragons
  7 profane servitors
  32 bone dragons
  Norris (Vaults:1)
  21 doom hounds
  9 iron giants
  12 Tzitzimimeh
  13 Brimstone Fiends
  6 electric golems
  29 Ice Fiends
  A walking crystal tome (Depths:3)
  19 hellephants
  Rupert (Lair:4)
  16 tentacled monstrosities
  26 Orb Guardians
  18 tainted leviathans
  11 liches
  6 deep elf blademasters
  A shard shrike skeleton (Crypt:1)
  13 titans
  A walking earthen tome (Depths:3)
  3 walking frostbound tomes
  21 Hell Sentinels
  4 deep elf master archers
  14 quicksilver dragons
  15 sphinxes
  20 searing wretches
  Polyphemus (Shoals:3)
  A kraken (Shoals:4)
  Gastronok (Lair:1)
  6 tentacled starspawn
  10 shadow dragons
  An eldritch tentacle (Pan)
  7 death cobs
  20 Executioners
  Roxanne (Spider:4)
  27 ancient champions
  18 tengu reavers
  The ghost of Eugor the Sorcerer, an adept DECj of Vehumet (Spider:3)
  Aizul (Spider:1)
  The ghost of MiniGinger the Cleaver, an adept GnSh of Ashenzari (Spider:2)
  18 storm dragons
  4 nagarajas
  8 revenants
  7 demonspawn warmongers (Pan)
  2 fenstrider witches (Pan)
  30 fire giants
  2 daevas
  15 draconian monks
  3 protean progenitors
  Ilsuiw (Shoals:3)
  9 pandemonium lords
  28 narguns
  Louise (Shoals:1)
  25 frost giants
  2 spectral juggernauts
  9 draconian knights
  5 quicksilver elementals
  20 vault wardens
  12 iron dragons
  11 draconian shifters
  6 emperor scorpions
  A ghost moth (shapeshifter) (Abyss:3)
  16 draconian scorchers
  A spectral caustic shrike (Depths:1)
  5 shard shrike simulacra
  11 deep elf sorcerers
  43 balrugs
  4 curse skulls
  6 cacodemons (Pan)
  13 ghost moths
  9 ghouls
  19 reapers
  2 spriggan defenders
  7 draconian stormcallers
  4 deep elf elementalists
  13 ironbound preservers
  A caustic shrike zombie (Zig:14)
  A juggernaut zombie (Tomb:2)
  5 broodmothers
  A caustic shrike skeleton (Pan)
  9 demonspawn corrupters (Pan)
  39 very ugly things
  5 juggernaut skeletons (Pan)
  20 draconian annihilators
  9 orc warlords
  15 stone giants
  3 ironbound thunderhulks
  10 demonspawn blood saints
  7 vampire knights
  21 green draconians
  14 bennus
  17 putrid mouths
  6 demonspawn black suns (Pan)
  3 spectral titans
  4 lorocyprocas
  28 elemental wellsprings
  8 deep elf annihilators
  10 black draconians
  5 deep elf death magi
  10 deep elf demonologists
  13 white draconians
  18 wendigos
  16 red draconians
  15 purple draconians
  44 war gargoyles
  17 yellow draconians
  15 eidola
  13 spark wasps
  17 iron golems
  27 dire elephants
  17 blizzard demons
  8 merfolk impalers
  15 green deaths
  3 crystal guardians
  A spectral quicksilver dragon (Tar:6)
  33 mummy priests
  16 ettins
  9 slime creatures
  A quicksilver dragon zombie (Zig:15)
  A spectral iron giant (Tar:6)
  A merfolk javelineer (Shoals:4)
  12 jiangshi
  15 fire dragons
  11 deep elf high priests
  20 yaktaur captains
  7 entropy weavers
  The ghost of Reubyar the Impaler, a journeyman MiBe of Trog (Lair:2)
  A hydra (Lair:3)
  2 spriggan zombies
  Erolcha (D:11)
  11 caustic shrike simulacra
  A quicksilver dragon skeleton (Zig:14)
  11 ice dragons
  A spectral sphinx (Depths:1)
  4 hell beasts
  4 juggernaut simulacra
  5 ogre magi
  4 catoblepae
  8 rakshasas
  3 salamander tyrants
  36 vault guards
  4 peacekeepers
  2 ghost crabs (Spider:1)
  7 ironbound frosthearts
  10 stokers
  5 spriggan skeletons
  6 merfolk aquamancers
  A two-headed ogre (shapeshifter) (Abyss:3)
  A fenstrider witch skeleton (Hell)
  6 spriggan air magi
  3 alligator snapping turtles
  5 jorogumos
  4 merfolk avatars
  A spectral fire giant (Depths:1)
  2 spectral frost giants (Depths:1)
  8 tengu warriors
  5 radroaches
  10 boulder beetles
  8 two-headed ogres
  68 dancing weapons
  18 death scarabs
  4 centaur warriors
  2 death knights (Crypt:3)
  2 spectral stone giants
  10 demonic crawlers
  The ghost of brilapsti the Summoner, a journeyman FeSu of Kikubaaqudgha (D:12)
  4 satyrs
  5 vampire magi
  4 orc high priests (Zig:17)
  2 titan zombies (Zig:15)
  14 death yaks
  6 deep troll shamans
  4 thrashing horrors
  36 hell hogs
  14 soul eaters
  A spectral storm dragon (Tar:1)
  11 deep troll earth magi
  8 occultists
  7 crystal echidnas
  62 sun demons
  2 spectral dire elephants
  7 spriggan berserkers
  29 hell knights
  Nergalle (Orc:2)
  24 deep elf knights
  3 hellephant skeletons (Pan)
  A bunyip zombie (Crypt:1)
  A naga sharpshooter (Zig:3)
  41 skeletal warriors
  5 wretched stars (Abyss:3)
  A spectral death yak (Lair:2)
  A spectral anaconda (Tar:4)
  2 spectral spark wasps (Depths:1)
  7 iron trolls
  5 salamander mystics
  11 sixfirhies
  2 spatial maelstroms (Abyss:3)
  A pharaoh ant (Spider:4)
  12 shadow demons
  2 spectral bunyips
  7 quicksilver dragon simulacra
  7 skysharks
  5 orb spiders
  A death drake (Zig:13)
  44 deep trolls
  21 shadow wraiths
  2 anaconda zombies
  9 flayed ghosts
  A kraken simulacrum (Shoals:4)
  A cherub (D:2)
  2 glowing orange brains
  13 sea snakes
  8 bog bodies
  A golden dragon zombie (Zig:14)
  A spectral hydra (Lair:2)
  6 arcanists
  3 obsidian statues
  4 spriggan simulacra
  A spectral iron dragon (Tar:1)
  10 lindwurms
  19 deep elf archers
  2 golden dragon skeletons (Zig:14)
  A tengu zombie (Zig:15)
  22 harpies
  18 necromancers
  15 starcursed masses (Abyss:3)
  8 sun moths (Pan)
  An eye of devastation (shapeshifter) (D:15)
  A bunyip skeleton (Tomb:2)
  16 ironbound convokers
  21 phantasmal warriors
  28 deep elf pyromancers
  30 deep elf zephyrmancers
  3 shadow dragon zombies
  7 steelbarb worms
  7 orc knights
  A fire giant zombie (Vaults:5)
  A shadow dragon skeleton (Zig:15)
  A steelbarb worm (shapeshifter) (Zig:4)
  7 spectral spriggans
  25 wolf spiders
  9 orc sorcerers
  An iron dragon zombie (Zig:14)
  10 salamanders
  3 spectral ettins
  55 moths of wrath
  A spectral centaur (Tar:1)
  51 ugly things
  17 manticores
  11 fauns
  5 worldbinders
  The ghost of TheBioAlchemist the Insei, a novice OpSh (D:4)
  4 Executioner simulacra (Pan)
  6 cyclopes
  An alligator skeleton (Tomb:3)
  2 centaur zombies
  A guardian serpent (Zig:3)
  6 molten gargoyles
  8 meliai
  8 kobold blastminers
  15 merfolk sirens
  2 naga magi
  A mana viper zombie (Crypt:1)
  17 vault sentinels
  10 ice statues
  22 large abominations
  A black mamba (shapeshifter) (Zig:7)
  3 black mambas
  5 titan simulacra
  13 elephants
  2 gargoyles
  7 rust devils
  An eleionoma skeleton (Crypt:1)
  4 torpor snails
  9 orange demons
  A centaur skeleton (Tomb:3)
  22 smoke demons
  13 cane toads
  A storm dragon simulacrum (Crypt:3)
  4 water nymphs
  2 unseen horrors
  22 hellions
  An unseen horror (shapeshifter) (D:12)
  15 yaktaurs
  A minotaur zombie (Tomb:1)
  8 efreet
  10 komodo dragons
  3 bunyip simulacra
  2 kobold demonologists (D:11)
  A komodo dragon (shapeshifter) (Abyss:3)
  41 freezing wraiths
  2 rime drakes
  An iron troll zombie (Crypt:2)
  A sea snake zombie (Hell)
  31 tormentors
  5 tengu conjurers
  11 anaconda simulacra
  2 spectral glowing shapeshifters (Depths:1)
  2 ancient zymes (Abyss:3)
  2 spectral harpies
  4 harpy zombies
  21 merfolk
  7 red devils (Pan)
  16 hellwings
  A golden dragon simulacrum (IceCv)
  4 iron giant simulacra
  A spectral naga (Tar:1)
  9 trolls
  10 ice devils
  A tyrant leech (shapeshifter) (Depths:3)
  69 guardian mummies
  2 sea snake skeletons (Hell)
  A purple draconian skeleton (Crypt:2)
  3 hydra zombies (Hell)
  3 silent spectres
  A polar bear (Lair:5)
  3 wind drakes
  A polar bear (shapeshifter) (D:12)
  2 trolls (shapeshifter)
  2 raiju (Abyss:3)
  4 tyrant leeches (Spider:1)
  5 alligator simulacra
  A hornet (shapeshifter) (D:12)
  2 harpy skeletons
  A tarantella (shapeshifter) (Zig:7)
  A sun moth zombie (Crypt:1)
  11 hornets
  23 tarantellas
  3 iron dragon simulacra
  14 blink frogs
  4 dream sheep (Lair:5)
  A black mamba zombie (Crypt:1)
  Grinder (D:6)
  A raiju (shapeshifter) (D:12)
  2 hydra skeletons
  3 centaur simulacra
  An ettin zombie (Vaults:3)
  7 snapping turtles
  A guardian serpent skeleton (Crypt:1)
  16 jumping spiders
  6 shadows
  10 spriggans
  20 ynoxinuls
  10 dire elephant simulacra
  15 water elementals
  5 air elementals
  46 yaks
  31 culicivoras
  20 ushabtiu
  2 vampires
  A naga simulacrum (Coc:3)
  Eustachio (D:5)
  7 wyverns
  2 alligator snapping turtle simulacra
  6 wraiths
  9 fire bats
  4 wargs
  5 steam dragons
  A basilisk (shapeshifter) (D:12)
  5 basilisks
  18 fire elementals
  14 neqoxecs
  A death yak simulacrum (Lair:2)
  58 redbacks
  27 vampire mosquitoes
  2 minotaur simulacra (IceCv)
  3 glowing shapeshifter zombies
  11 small abominations
  15 chaos spawn
  A yaktaur simulacrum (Vaults:5)
  11 harpy simulacra
  An elf skeleton (Vaults:3)
  9 spatial vortices (Abyss:3)
  An acid dragon (D:9)
  2 hydra simulacra
  Edmund (D:5)
  An entropy weaver zombie (Crypt:1)
  2 spectral tengu
  7 water moccasins
  4 hell hounds (Pan)
  31 orc warriors
  A sky beast (D:8)
  A spectral torpor snail (Lair:2)
  A faun skeleton (Crypt:2)
  A sky beast (shapeshifter) (D:12)
  3 ice beasts
  3 black bears
  2 swamp drakes
  37 laughing skulls
  6 ettin simulacra
  16 ogres
  4 boggarts
  7 centaurs
  2 phantoms (D:5)
  A swamp dragon skeleton (Abyss:1)
  5 brain worms (Pan)
  5 kobold brigands
  14 bullfrogs
  4 weeping skulls
  2 gnoll sergeants (D:6)
  8 earth elementals
  2 scorpions
  A deep troll simulacrum (IceCv)
  A human skeleton (Vaults:5)
  10 necrophages
  4 burial acolytes (Crypt:3)
  13 wights
  A polar bear zombie (Crypt:1)
  A lindwurm simulacrum (IceCv)
  An electric eel (D:8)
  A shapeshifter skeleton (Crypt:2)
  A wolf zombie (Crypt:2)
  4 howler monkeys
  3 bombardier beetles
  5 hounds
  3 quasits
  A wolf skeleton (Crypt:1)
  A human zombie (Crypt:1)
  4 jellies
  A gnoll bouda (D:6)
  11 orc priests
  Crazy Yiuf (D:6)
  A black bear skeleton (Crypt:2)
  3 iguanas
  39 orc wizards
  A sleepcap (D:8)
  4 hell rats (Hell)
  2 naga zombies
  70 mummies
  Robin (D:2)
  21 gnolls
  7 adders
  2 shadow imps
  2 white imps
  2 ufetubi (Abyss:2)
  An iguana skeleton (Crypt:2)
  A ribbon worm (shapeshifter) (Elf:2)
  73 orcs
  9 ball pythons
  10 endoplasms
  12 giant cockroaches
  5 hobgoblins
  8 jackals
  5 quokkas
  3 training dummies (Orc:1)
  8 bats
  16 goblins
  17 kobolds
  An orc skeleton (Crypt:1)
  3 rats
  5 aspiring fleshes
  5 creeping infernos
  4 fire vortices
  A starspawn tentacle (Abyss:1)
  2 tentacles (Shoals:4)
4280 creatures vanquished.

Vanquished Creatures (collateral kills)
  A juggernaut (Dis:7)
  2 caustic shrikes (Dis:3)
  A profane servitor (Dis:4)
  A Brimstone Fiend (Geh:2)
  An iron giant (Dis:7)
  A Tzitzimitl (Pan)
  2 hellephants (Geh:7)
  A Hell Sentinel (Dis:7)
  A tentacled monstrosity (Pan)
  An Ice Fiend (Pan)
  A deep elf blademaster (Zig:16)
  A searing wretch (Geh:6)
  A walking frostbound tome (Pan)
  8 ancient champions
  2 deep elf master archers (Zig:16)
  3 Executioners
  A fenstrider witch (Pan)
  2 protean progenitors (Pan)
  A nargun (Coc:3)
  5 iron dragons
  3 balrugs
  2 quicksilver elementals (Dis:7)
  2 shard shrike simulacra
  3 cacodemons (Pan)
  2 very ugly things (Pan)
  An orc warlord (Zig:17)
  A demonspawn blood saint (Pan)
  2 reapers (Pan)
  2 demonspawn corrupters (Pan)
  An elemental wellspring (Coc:4)
  A juggernaut skeleton (Pan)
  A green draconian (Zot:5)
  A black draconian (Zot:5)
  2 deep elf annihilators (Zig:16)
  A lorocyproca (Pan)
  7 war gargoyles (Dis:7)
  A blizzard demon (Pan)
  A green death (Pan)
  5 iron golems
  2 deep elf high priests (Zig:16)
  2 ice dragons (Zig:13)
  A fire dragon (Zig:13)
  2 juggernaut simulacra
  2 caustic shrike simulacra
  2 merfolk aquamancers (Zig:18)
  5 dancing weapons
  An orc high priest (Zig:17)
  2 hell hogs
  7 sun demons (Pan)
  A hellephant skeleton (Pan)
  2 deep elf knights (Zig:16)
  5 crystal echidnas
  2 soul eaters (Pan)
  3 sixfirhies (Pan)
  A death drake (Zig:13)
  A pharaoh ant (Zig:19)
  2 sun moths (Pan)
  2 swamp dragons (Zig:13)
  2 deep elf zephyrmancers (Zig:16)
  2 deep elf pyromancers (Zig:16)
  An orc sorcerer (Zig:17)
  A wolf spider (Pan)
  3 large abominations (Pan)
  A naga mage (Zig:18)
  3 orange demons (Pan)
  An efreet (Pan)
  2 hellions (Geh:7)
  A tormentor (Coc:2)
  2 bunyip simulacra
  2 trolls (Zig:17)
  2 hellwings (Pan)
  An alligator simulacrum (Coc:1)
  2 wind drakes (Zig:13)
  A naga simulacrum (Coc:5)
  5 ynoxinuls (Pan)
  A water elemental (Zig:16)
  2 dire elephant simulacra
  2 fire elementals (Zig:16)
  A wyvern (Zig:13)
  A neqoxec (Pan)
  2 wargs (Zig:17)
  2 harpy simulacra (Coc:4)
  An acid dragon (Zig:13)
  A hydra simulacrum (Coc:5)
  6 orc warriors (Zig:17)
  2 laughing skulls (Pan)
  3 ettin simulacra
  2 ogres (Zig:17)
  A brain worm (Pan)
  An orc priest (Zig:17)
  An aspiring flesh (Pan)
  A fire vortex (Geh:1)
183 creatures vanquished.

Vanquished Creatures (others)
  A Killer Klown (Zot:5)
  An Ice Fiend (Coc:7)
  2 Orb Guardians (Zot:5)
  A titan (Coc:7)
  2 acid blobs (Tomb:2)
  A death cob (Zot:4)
  2 eldritch tentacles
  A tengu reaver (Zig:18)
  12 azure jellies
  A fire giant (Depths:2)
  2 nagarajas (Zig:18)
  A shard shrike simulacrum (Coc:4)
  A ghost moth (Zot:3)
  10 caustic shrike zombies (Dis:7)
  An ironbound preserver (Vaults:2)
  2 bennus (Tomb:2)
  2 deep elf annihilators
  3 very ugly thing zombies (Pan)
  11 great orbs of eyes
  A mummy priest (Tomb:2)
  A juggernaut simulacrum (Coc:6)
  5 caustic shrike simulacra
  An ogre mage (Zig:18)
  2 fenstrider witch zombies (Pan)
  A salamander tyrant (Geh:2)
  A hell hog (Geh:2)
  7 death scarabs (Tomb:2)
  An occultist (Depths:2)
  2 hell knights (Depths:3)
  A sun demon (Depths:1)
  A deep elf knight (Zig:16)
  A skyshark (shapeshifter) (Vaults:3)
  A skeletal warrior (Tomb:2)
  An iron giant zombie (Dis:7)
  9 glowing orange brains
  A quicksilver dragon simulacrum (Coc:4)
  2 glowing orange brains (shapeshifter)
  A lindwurm (Vaults:3)
  5 necromancers
  A harpy (Vaults:1)
  A fenstrider witch simulacrum (Coc:2)
  A wolf spider zombie (Pan)
  A wolf spider (Pan)
  A deep elf zephyrmancer (Zig:16)
  An ironbound convoker (Vaults:1)
  A steelbarb worm (shapeshifter) (Vaults:3)
  A manticore (Shoals:4)
  A faun (shapeshifter) (Vaults:3)
  An iron dragon zombie (Dis:7)
  A shining eye (shapeshifter) (Depths:4)
  A vault sentinel (Vaults:2)
  2 titan simulacra (Coc:4)
  3 demonspawn zombies (Pan)
  3 smoke demons
  An eye of devastation (shapeshifter) (D:12)
  2 yaktaurs
  2 hellions
  A bunyip simulacrum (Coc:2)
  A tengu conjurer (Depths:3)
  A yaktaur (shapeshifter) (Depths:3)
  A guardian mummy (Tomb:2)
  A glass eye (Depths:3)
  2 merfolk (shapeshifter)
  An ancient zyme (Abyss:3)
  A tyrant leech (Spider:1)
  10 slime creatures
  A glass eye (shapeshifter) (Vaults:3)
  A jumping spider (shapeshifter) (Vaults:3)
  A culicivora (shapeshifter) (Vaults:3)
  2 ynoxinuls (Pan)
  5 water elementals
  2 wyverns (Zig:13)
  8 golden eyes
  2 chaos spawn (Pan)
  A hydra simulacrum (Coc:6)
  3 harpy simulacra (Coc:7)
  An ice beast (shapeshifter) (Vaults:3)
  A laughing skull (Crypt:1)
  A boggart (shapeshifter) (Elf:2)
  A brain worm (shapeshifter) (Elf:2)
  374 jellies
  A quasit (D:12)
  An orc priest (Orc:2)
  A gnoll bouda (D:8)
  An orc wizard (Orc:2)
  A hell rat (Hell)
  A brain worm zombie (Pan)
  5 mummies
  A howler monkey zombie (Crypt:2)
  3 orcs
  3 creeping infernos
  3 fire vortices
  20 foxfires
  2 lurking horrors
  7 starspawn tentacles
  7 tentacles (Shoals:4)
607 creatures vanquished.

Grand Total: 5070 creatures vanquished

Notes
Turn   | Place    | Note
-------+----------+-------------------------------------------
     0 | D:1      | Khashishi the Naga Shapeshifter began the quest for the
                  | Orb.
     0 | D:1      | Reached XP level 1. HP: 18/18 MP: 1/1
   285 | D:1      | Reached XP level 2. HP: 16/25 MP: 2/2
   558 | D:1      | Found a faded altar of an unknown god.
   595 | D:1      | Prayed at the altar of an unknown god.
   595 | D:1      | Became a worshipper of Ignis, the Dying Flame
   770 | D:2      | Reached XP level 3. HP: 21/31 MP: 3/3
   771 | D:2      | Noticed Robin
   782 | D:2      | Killed Robin
  1153 | D:2      | Found an ornate altar of the Wu Jian Council.
  1479 | D:2      | Identified the +1 spear of the Toadstool {drain, rPois
                  | Int+2}
  1782 | D:2      | Reached XP level 4. HP: 37/38 MP: 4/4
  1789 | D:2      | Reached skill level 1 in Stealth
  2075 | D:3      | Found a basalt altar of Yredelemnul.
  2297 | D:3      | Found a stormy altar of Qazlal.
  2297 | D:3      | Found a shadowy altar of Dithmenos.
  2884 | D:4      | Reached XP level 5. HP: 43/45 MP: 5/5
  3195 | D:4      | Found a runed translucent door.
  3196 | D:4      | Noticed TheBioAlchemist's ghost (novice OpSh)
  3216 | D:4      | Found a staircase to the Ecumenical Temple.
  3224 | Temple   | Entered the Ecumenical Temple
  3328 | D:3      | Reached skill level 1 in Short Blades
  3430 | D:4      | Reached XP level 6. HP: 43/55 MP: 6/6
  3683 | D:4      | Noticed a hornet
  3696 | D:4      | Reached skill level 5 in Stealth
  3704 | D:4      | Paralysed by a hornet for 3 turns
  3708 | D:4      | Killed a hornet
  3709 | D:4      | Reached XP level 7. HP: 5/64 MP: 7/7
  4145 | D:5      | Entered Level 5 of the Dungeon
  4342 | D:5      | Noticed Eustachio
  4343 | D:5      | Noticed Edmund
  4385 | D:5      | Killed Edmund
  4386 | D:5      | Reached skill level 1 in Armour
  4471 | D:5      | Reached XP level 8. HP: 55/73 MP: 8/8
  4593 | D:5      | Found an ornate altar of the Wu Jian Council.
  4845 | D:5      | Killed Eustachio
  4846 | D:5      | Reached skill level 5 in Fighting
  4857 | D:5      | Found a burning altar of Makhleb.
  5494 | D:6      | Found a runed translucent door.
  5495 | D:6      | Noticed Crazy Yiuf
  5502 | D:6      | Killed Crazy Yiuf
  5579 | D:6      | Reached XP level 9. HP: 82/82 MP: 9/9
  5684 | D:6      | Noticed Grinder
  5741 | D:6      | Killed Grinder
  5742 | D:6      | Reached skill level 5 in Shapeshifting
  6405 | D:7      | Reached skill level 1 in Shields
  6534 | D:7      | Found a sparkling altar of Nemelex Xobeh.
  6727 | D:7      | Reached XP level 10. HP: 72/94 MP: 10/10
  6810 | D:7      | Found a shimmering altar of Xom.
  6830 | D:7      | Reached skill level 1 in Polearms
  7333 | D:8      | Found Egucobur's Distillery.
  7428 | D:8      | Bought 2 potions of heal wounds for 110 gold pieces
  7428 | D:8      | Bought a potion of curing for 33 gold pieces
  7428 | D:8      | Bought a potion of curing for 33 gold pieces
  7428 | D:8      | Bought a potion of might for 44 gold pieces
  7520 | D:8      | Identified the +3 dagger of the Gazing Gods {venom, rC+
                  | Str+4 SInv Stlth-}
  7563 | D:8      | Learned a level 1 spell: Sting
  7596 | D:8      | Reached skill level 1 in Conjurations
  7596 | D:8      | Reached skill level 1 in Alchemy
  7854 | D:8      | Identified the +7 mace "Qonu" {freeze, rF+ rN+ Str-5 Dex+4}
  8223 | D:8      | Reached skill level 1 in Maces & Flails
  8246 | D:8      | Learned a level 2 spell: Mercury Vapours
  8662 | D:9      | Reached skill level 1 in Spellcasting
  9098 | D:10     | Entered Level 10 of the Dungeon
  9148 | D:9      | Reached skill level 5 in Alchemy
  9158 | D:9      | Learned a level 4 spell: Olgreb's Toxic Radiance
  9167 | D:9      | Noticed a two-headed ogre
  9178 | D:9      | Killed a two-headed ogre
  9179 | D:9      | Reached XP level 11. HP: 51/103 MP: 12/14
  9440 | D:9      | Found a shimmering blue altar of Sif Muna.
  9913 | D:10     | Noticed a two-headed ogre
  9933 | D:10     | Killed a two-headed ogre
 10515 | D:10     | Found a broken altar of Ashenzari.
 10581 | D:10     | Found a broken altar of Ashenzari.
 10581 | D:10     | Noticed a cyclops
 10667 | D:10     | Reached skill level 1 in Air Magic
 10667 | D:10     | Reached skill level 10 in Alchemy
 10837 | D:10     | Found a staircase to the Lair.
 11117 | D:11     | Noticed a cyclops
 11198 | D:10     | Killed a cyclops
 11278 | D:11     | Noticed Erolcha
 11290 | D:11     | Killed Erolcha
 11429 | D:11     | Noticed a sun demon
 11488 | D:11     | Reached XP level 12. HP: 109/112 MP: 12/16
 11511 | D:11     | Reached skill level 5 in Dodging
 11544 | D:11     | Noticed a boulder beetle
 11561 | D:11     | Killed a boulder beetle
 11678 | D:11     | Found a staircase to the Orcish Mines.
 11916 | Orc:1    | Entered Level 1 of the Orcish Mines
 12356 | Orc:1    | Found Ymagg's Firing Range.
 12654 | Orc:2    | Entered Level 2 of the Orcish Mines
 12734 | Orc:2    | Noticed Saint Roka
 12922 | Lair:1   | Entered Level 1 of the Lair of Beasts
 12922 | Lair:1   | Noticed a boulder beetle
 12930 | Lair:1   | Killed a boulder beetle
 13210 | Lair:1   | Learned a level 3 spell: Vampiric Draining
 13328 | Lair:1   | Reached skill level 1 in Necromancy
 13330 | Lair:1   | Identified the +0 leather armour of the Sun {rPois Will+}
 13383 | Lair:1   | Noticed Gastronok
 14129 | Lair:1   | Killed Gastronok
 14130 | Lair:1   | Reached skill level 5 in Necromancy
 14631 | Lair:2   | Found a staircase to the Shoals.
 15177 | Lair:2   | Reached skill level 5 in Maces & Flails
 15177 | Lair:2   | Gained mutation: You can use your snake-like lower body to
                  | constrict enemies. [Naga growth]
 15177 | Lair:2   | Reached XP level 13. HP: 68/121 MP: 14/18
 15436 | Lair:2   | Found a runed translucent gate.
 15436 | Lair:2   | Found a runed translucent gate.
 15436 | Lair:2   | Found a runed translucent gate.
 15545 | Lair:2   | Noticed Reubyar's ghost (journeyman MiBe)
 15756 | Lair:3   | Reached skill level 10 in Fighting
 15833 | Lair:3   | Reached skill level 10 in Stealth
 16285 | Lair:3   | Found a hole to the Spider Nest.
 16820 | Lair:5   | Entered Level 5 of the Lair of Beasts
 18253 | Lair:3   | Reached skill level 10 in Shapeshifting
 18253 | Lair:3   | Reached skill level 5 in Unarmed Combat
 18253 | Lair:3   | Reached XP level 14. HP: 42/132 MP: 9/19
 18745 | Lair:4   | Noticed Rupert
 19778 | Lair:5   | Found a viscous altar of Jiyva.
 19778 | Lair:5   | Found a staircase to the Slime Pits.
 21206 | D:4      | Killed TheBioAlchemist's ghost
 21606 | D:12     | Identified the +1 helmet of Gozag's Fury {rElec Will+ Dex+2
                  | SInv}
 21834 | D:12     | Found a runed translucent gate.
 21834 | D:12     | Found a runed translucent gate.
 21834 | D:12     | Found a runed translucent gate.
 22720 | D:13     | Reached XP level 15. HP: 87/138 MP: 11/20
 23023 | D:13     | Reached skill level 10 in Unarmed Combat
 23324 | D:13     | Found a gate to the Vaults.
 23837 | D:13     | Found Lavafol's Antique Weapon Boutique.
 23843 | D:13     | Upgraded the game from 0.31.0-7-gf635a9b802 to
                  | 0.31.0-9-g3a7656b989
 24468 | D:14     | Found an opulent altar of Gozag.
 24542 | D:14     | Identified the +0 scale mail of Lilacs {-Cast Rampage rF+}
 24781 | D:15     | Entered Level 15 of the Dungeon
 25320 | D:15     | Learned a level 4 spell: Sticky Flame
 25456 | D:15     | Found a runed translucent door.
 25498 | D:15     | Reached skill level 1 in Fire Magic
 26184 | D:15     | Reached XP level 16. HP: 136/146 MP: 16/21
 26242 | D:15     | Found a staircase to the Depths.
 26768 | Spider:1 | Entered Level 1 of the Spider Nest
 26848 | Spider:1 | You fall into a shaft and drop 1 floor!
 26964 | Spider:1 | Found a glacial archway.
 26989 | IceCv    | Entered an ice cave
 27176 | IceCv    | Learned a level 3 spell: Teleport Other
 27513 | IceCv    | Reached skill level 1 in Translocations
 28802 | IceCv    | Found an ancient bone altar of Kikubaaqudgha.
 29435 | IceCv    | Noticed a lich
 29444 | IceCv    | Killed a lich
 29710 | IceCv    | Reached skill level 5 in Shields
 29715 | IceCv    | Learned a level 4 spell: Passage of Golubria
 29734 | IceCv    | Got the Compendium of Doomed Congelation
 30672 | Spider:1 | Identified the serpent talisman of the Bulwark {rElec
                  | Will++ Slay+4}
 30672 | Spider:1 | Noticed Aizul
 30786 | Spider:1 | Killed Aizul
 31433 | Spider:2 | Reached skill level 5 in Spellcasting
 31438 | Spider:2 | Learned a level 4 spell: Dispel Undead
 31719 | Spider:2 | Noticed MiniGinger's ghost (adept GnSh)
 31725 | Spider:2 | Found a runed translucent door.
 31737 | Spider:2 | Reached XP level 17. HP: 153/153 MP: 18/24
 31923 | Spider:2 | Killed MiniGinger's ghost
 31924 | Spider:2 | Reached skill level 15 in Shapeshifting
 32886 | Spider:3 | Found a runed translucent gate.
 32886 | Spider:3 | Found a runed translucent gate.
 32887 | Spider:3 | Found a runed translucent gate.
 32889 | Spider:3 | Noticed Eugor's ghost (adept DECj)
 33176 | Spider:4 | Entered Level 4 of the Spider Nest
 33259 | Spider:4 | Noticed Roxanne
 35730 | Spider:4 | Reached skill level 15 in Unarmed Combat
 35935 | Spider:4 | Got a gossamer rune of Zot
 36134 | Spider:4 | Killed Roxanne
 36737 | Lair:2   | Killed Reubyar's ghost
 36867 | Shoals:1 | Entered Level 1 of the Shoals
 37052 | Shoals:2 | Found Amicos's Antique Armour Shop.
 37191 | Shoals:1 | Reached XP level 18. HP: 163/163 MP: 25/25
 37284 | Shoals:1 | Noticed Louise
 37296 | Shoals:1 | Killed Louise
 37299 | Shoals:1 | Identified the +2 ring mail "Ponebuyt" {rC+ Str+2 Dex+3}
 37874 | Shoals:2 | Bought a glowing cloak for 240 gold pieces
 38836 | Shoals:3 | Noticed Ilsuiw
 38855 | Shoals:3 | Killed Ilsuiw
 38876 | Shoals:3 | Noticed Polyphemus
 38892 | Shoals:3 | Killed Polyphemus
 39252 | Shoals:3 | Found Ethajip's Antique Weapon Emporium.
 39491 | Shoals:4 | Entered Level 4 of the Shoals
 39799 | Shoals:4 | Identified the staff of Ypnihuc {^Drain rPois rC+ Will-
                  | Dex+6 Ice}
 39946 | Shoals:4 | Identified the +7 shortbow of Omedgho {drain, rN+ rCorr
                  | Str+3 Dex-3}
 40280 | Shoals:4 | Got a barnacled rune of Zot
 40915 | Lair:5   | Fell from the grace of Ignis
 40915 | Lair:5   | Became a worshipper of Jiyva Jeasa the Shapeless
 41146 | Orc:2    | Reached XP level 19. HP: 177/177 MP: 26/26
 41365 | Orc:2    | Reached * piety under Jiyva
 41448 | Orc:2    | Found an ancient bone altar of Kikubaaqudgha.
 41448 | Orc:2    | Noticed Nergalle
 41468 | Orc:2    | Killed Nergalle
 41515 | Orc:2    | Found a radiant altar of Vehumet.
 41543 | Orc:2    | Found Bala's Distillery.
 41565 | Orc:2    | Found Ybram's Distillery.
 41572 | Orc:2    | Found Juibot's Antique Armour Shoppe.
 41575 | Orc:2    | Found Sylisku's Book Emporium.
 41591 | Orc:2    | Bought a book of Spatial Translocations for 306 gold pieces
 41594 | Orc:2    | Learned a level 2 spell: Blink
 41617 | Orc:2    | Bought 2 potions of curing for 84 gold pieces
 41617 | Orc:2    | Bought a potion of curing for 42 gold pieces
 41617 | Orc:2    | Bought a potion of might for 56 gold pieces
 41647 | Orc:2    | Bought a potion of haste for 160 gold pieces
 41870 | Orc:2    | Killed Saint Roka
 41916 | Orc:2    | Found a staircase to the Elven Halls.
 42065 | Elf:1    | Entered Level 1 of the Elven Halls
 42227 | Elf:1    | You fall into a shaft and drop 1 floor!
 42229 | Elf:2    | Reached ** piety under Jiyva
 42253 | Elf:2    | Reached skill level 5 in Translocations
 42760 | Elf:1    | Reached *** piety under Jiyva
 42912 | Elf:1    | Paralysed by an air elemental for 1 turns
 42916 | Elf:1    | Paralysed by an air elemental for 1 turns
 42920 | Elf:1    | Paralysed by an air elemental for 1 turns
 43000 | Elf:1    | Gained mutation: Your melee attacks may engulf your foes in
                  | ooze. [Jiyva's grace]
 43000 | Elf:1    | Gained mutation: You are partially covered in iridescent
                  | scales. (AC +2) [Jiyva's grace]
 43000 | Elf:1    | Gained mutation: You are mostly covered in iridescent
                  | scales. (AC +4) [Jiyva's grace]
 43000 | Elf:1    | Gained mutation: You are completely covered in iridescent
                  | scales. (AC +6) [Jiyva's grace]
 43075 | Elf:1    | You fall into a shaft and drop 1 floor!
 43075 | Elf:2    | Found a runed translucent gate.
 43075 | Elf:2    | Found a runed translucent gate.
 43075 | Elf:2    | Found a runed translucent gate.
 43174 | Elf:2    | Learned a level 2 spell: Lesser Beckoning
 43268 | Elf:1    | Reached **** piety under Jiyva
 43485 | Elf:1    | Paralysed by an air elemental for 1 turns
 43794 | Elf:2    | Was forgiven by Ignis
 43856 | Elf:3    | Entered Level 3 of the Elven Halls
 44129 | Elf:2    | Identified the blade talisman "Raitraqe" {rF+ rN+ Dex+2}
 44193 | Elf:2    | Reached XP level 20. HP: 189/189 MP: 27/27
 44509 | Elf:3    | Reached ***** piety under Jiyva
 44743 | Elf:3    | Was placed under penance by Jiyva
 44884 | Elf:3    | Was forgiven by Jiyva
 45000 | Elf:3    | Identified the ring of Fragile Peace {Will+ EV+5 Dex+2}
 45005 | Elf:3    | Identified the +8 short sword "Lufy" {venom, rElec Int+2
                  | Stlth-}
 45005 | Elf:3    | Identified the ring of Relativism {+Blink rC+ rN+ Dex+2
                  | Slay+2}
 45017 | Elf:3    | Identified the +5 rapier of Ancient Evil {pain, Str+3}
 45017 | Elf:3    | Identified the +0 robe "Trusted Companion" {Rampage rElec
                  | Stlth+}
 45066 | Elf:3    | Identified the +8 rapier of the Durable God {elec, Str+2}
 45068 | Elf:3    | Got the Annotations on Flamy Outbursts
 45079 | Elf:3    | Got Wetaxt's Disquisition on the Exothermic Tincture
 45389 | Elf:3    | Gained mutation: You expend magic power (3 MP) to
                  | strengthen your wands. [Jiyva's grace]
 45389 | Elf:3    | Gained mutation: Your spells are a little harder to cast,
                  | but a little more powerful. [Jiyva's grace]
 45389 | Elf:3    | Gained mutation: Your spells are harder to cast, but more
                  | powerful. [Jiyva's grace]
 45389 | Elf:3    | Gained mutation: Your spells are much harder to cast, but
                  | much more powerful. [Jiyva's grace]
 45734 | D:12     | Found a runed translucent gate.
 45734 | D:12     | Found a runed translucent gate.
 45735 | D:12     | Noticed brilapsti's ghost (journeyman FeSu)
 45737 | D:12     | Found a runed translucent gate.
 45747 | D:12     | Lost mutation: Your spells are much harder to cast, but
                  | much more powerful. [a neqoxec]
 45756 | D:12     | Killed brilapsti's ghost
 45959 | Vaults:1 | Entered Level 1 of the Vaults
 46096 | Vaults:1 | Found Poosuer's Distillery.
 46102 | Vaults:1 | Bought 2 potions of resistance for 320 gold pieces
 46102 | Vaults:1 | Bought a potion of heal wounds for 80 gold pieces
 46125 | Vaults:1 | Noticed Norris
 46134 | Vaults:1 | Killed Norris
 46178 | Vaults:1 | Learned a level 4 spell: Vhi's Electric Charge
 46628 | Vaults:1 | Reached XP level 21. HP: 198/198 MP: 30/30
 46628 | Vaults:1 | Identified the +7 scimitar of Moral Flaws {speed, Str+3}
 46671 | Vaults:1 | Found the +5 glaive of the Guard {elec, spectral}
 47176 | Vaults:2 | Lost mutation: You are completely covered in iridescent
                  | scales. (AC +6) [Jiyva's grace]
 47176 | Vaults:2 | Lost mutation: Your spells are harder to cast, but more
                  | powerful. [Jiyva's grace]
 47176 | Vaults:2 | Lost mutation: Your melee attacks may engulf your foes in
                  | ooze. [Jiyva's grace]
 47176 | Vaults:2 | Gained mutation: You are robust. (+10% HP) [Jiyva's grace]
 47176 | Vaults:2 | Gained mutation: You are very robust. (+20% HP) [Jiyva's
                  | grace]
 47176 | Vaults:2 | Gained mutation: You are extremely robust. (+30% HP)
                  | [Jiyva's grace]
 47176 | Vaults:2 | Gained mutation: You have a small jelly attached to you
                  | that senses nearby items. [Jiyva's grace]
 47224 | Vaults:2 | Reached skill level 10 in Translocations
 47242 | Vaults:2 | Reached skill level 5 in Air Magic
 47277 | Vaults:2 | Found Zomisch's Book Boutique.
 47282 | Vaults:2 | Bought a book of Battle for 468 gold pieces
 47466 | Vaults:2 | Reached ****** piety under Jiyva
 47498 | Vaults:2 | Learned a level 4 spell: Manifold Assault
 47624 | Vaults:2 | Found a staircase to the Crypt.
 48426 | Vaults:3 | You fall into a shaft and drop 1 floor!
 48889 | Vaults:4 | Found Yfugeruz's Antique Weapon Emporium.
 48931 | Vaults:4 | Gained mutation: You have an increased reservoir of magic.
                  | (+10% MP) [Jiyva's grace]
 48931 | Vaults:4 | Gained mutation: You have a considerably increased
                  | reservoir of magic. (+20% MP) [Jiyva's grace]
 48931 | Vaults:4 | Gained mutation: You have a greatly increased reservoir of
                  | magic. (+30% MP) [Jiyva's grace]
 48931 | Vaults:4 | Gained mutation: You have very sharp teeth. [Jiyva's grace]
 49016 | Vaults:4 | Noticed a golden dragon
 49027 | Vaults:4 | Killed a golden dragon
 49057 | Vaults:4 | Identified the +6 mace of Spite {freeze, ^Fragile rElec rC+
                  | Dex+8}
 49218 | Vaults:4 | Identified the +3 short sword "Wiener" {spect, rElec rF+++
                  | Will++ Int-5 Dex-3}
 49277 | Vaults:4 | Reached XP level 22. HP: 267/267 MP: 41/43
 49602 | Vaults:4 | Learned a level 5 spell: Alistair's Intoxication
 49980 | Slime:1  | Entered Level 1 of the Pits of Slime
 49998 | Slime:2  | Noticed Dissolution
 50021 | Slime:5  | Entered Level 5 of the Pits of Slime
 50046 | Slime:5  | Got Zisol's Spellweaving for Novices
 50093 | Slime:5  | Noticed the Royal Jelly
 50099 | Slime:5  | Identified the ring "Nijegul" {Wiz rPois rC+ rN+ Str+3}
 50105 | Slime:5  | Identified the +0 rapier "Selahots" {freeze, rCorr Dex+3}
 50106 | Slime:5  | Identified the +1 leather armour of the Barracuda {rCorr}
 50158 | Slime:5  | Identified the +6 arbalest of the Leaping Gods {drain,
                  | rElec rC+ Str+3 Int-5}
 50159 | Slime:5  | Identified the +1 robe "Nyjegad" {+Inv rPois SInv}
 50215 | Slime:5  | Got a starry gem with 250 turns to spare
 50217 | Slime:5  | Got a slimy rune of Zot
 50218 | Slime:5  | Identified the +0 ring mail of Liberty {Int+3}
 50222 | Slime:5  | Got Cililauph's Compilation of the Ashen Shot
 50252 | Slime:5  | Found a viscous altar of Jiyva.
 50986 | Depths:1 | Entered Level 1 of the Depths
 51007 | Depths:1 | Noticed Bai Suzhen
 51015 | Depths:1 | Killed Bai Suzhen
 51071 | Depths:1 | Found a one-way gateway to a ziggurat.
 51199 | Depths:2 | Learned a level 1 spell: Apportation
 51220 | Depths:1 | You fall into a shaft and drop 1 floor!
 51339 | Depths:2 | Found a gateway to Hell.
 51347 | Depths:2 | Noticed Mara
 51352 | Depths:2 | Noticed Khashishi's illusion
 51362 | Depths:2 | Killed Mara
 51477 | Depths:3 | Found a portal to a secret trove of treasure.
 51621 | Depths:3 | Noticed a caustic shrike
 51636 | Depths:3 | Noticed a caustic shrike
 51649 | Depths:3 | Killed a caustic shrike
 51655 | Depths:3 | Killed a caustic shrike
 51718 | Depths:3 | Noticed a golden dragon
 51727 | Depths:3 | Killed a golden dragon
 51728 | Depths:3 | Reached XP level 23. HP: 276/276 MP: 45/45
 51933 | Depths:3 | Noticed a caustic shrike
 51934 | Depths:3 | Noticed a juggernaut
 51937 | Depths:3 | Killed a caustic shrike
 51944 | Depths:3 | Killed a juggernaut
 52033 | Depths:4 | Entered Level 4 of the Depths
 52042 | Depths:4 | Lost mutation: You are extremely robust. (+30% HP) [Jiyva's
                  | grace]
 52042 | Depths:4 | Gained mutation: Your mind is acute. (Int +4, Str/Dex -1)
                  | [Jiyva's grace]
 52042 | Depths:4 | Gained mutation: Your mind is very acute. (Int +8, Str/Dex
                  | -2) [Jiyva's grace]
 52042 | Depths:4 | Gained mutation: You possess an exceptional clarity of
                  | mind. [Jiyva's grace]
 52042 | Depths:4 | Gained mutation: Your muscles are strong. (Str +4, Int/Dex
                  | -1) [Jiyva's grace]
 52121 | Depths:4 | Found a bloodstained altar of Trog.
 52237 | Depths:4 | Found a gate to the Realm of Zot.
 52237 | Depths:4 | Noticed a golden dragon
 52237 | Depths:4 | Noticed a golden dragon
 52260 | Depths:4 | Killed a golden dragon
 52262 | Depths:4 | Killed a golden dragon
 52296 | Depths:4 | Got a midnight gem with 1327 turns to spare
 52471 | Depths:1 | Learned a level 3 spell: Fugue of the Fallen
 52500 | Depths:1 | Found a one-way gate leading to the halls of Pandemonium.
 52587 | Depths:1 | Found a one-way gate to the infinite horrors of the Abyss.
 53009 | Depths:1 | Noticed a royal mummy
 53017 | Depths:1 | Killed a royal mummy
 53424 | Depths:2 | Reached XP level 24. HP: 268/268 MP: 42/45
 53519 | Depths:2 | Identified the +3 hat of Zuegyger {Fly Str+4 Dex+3}
 53538 | Depths:2 | Found a radiant altar of Vehumet.
 53542 | Depths:2 | Identified the +1 hat of the Silversmith {Rampage rElec
                  | MP+9 Int+3 Dex-3}
 53685 | Depths:2 | Reached skill level 15 in Fighting
 53926 | Depths:2 | Identified the ring of Riraw {rPois Will+++ Str-5}
 54284 | Depths:3 | Lost mutation: You have very sharp teeth. [Jiyva's grace]
 54284 | Depths:3 | Lost mutation: You are mostly covered in iridescent scales.
                  | (AC +4) [Jiyva's grace]
 54284 | Depths:3 | Lost mutation: You have a greatly increased reservoir of
                  | magic. (+30% MP) [Jiyva's grace]
 54284 | Depths:3 | Gained mutation: Armour fits poorly on your pseudopods.
                  | [Jiyva's grace]
 54284 | Depths:3 | Gained mutation: Armour fits poorly on your large
                  | pseudopods. [Jiyva's grace]
 54284 | Depths:3 | Gained mutation: Armour fits poorly on your massive
                  | pseudopods. [Jiyva's grace]
 54284 | Depths:3 | Gained mutation: Your rubbery body absorbs attacks. (AC +1,
                  | EV +1) [Jiyva's grace]
 54308 | Depths:3 | Identified the staff of Osijeof {Int-3 Dex+5 Summ Earth
                  | Alchemy}
 54339 | Depths:3 | Noticed an ancient lich
 54344 | Depths:3 | Killed an ancient lich
 55822 | Lair:4   | Killed Rupert
 56011 | Spider:3 | Killed Eugor's ghost
 56319 | Vaults:5 | Entered Level 5 of the Vaults
 56327 | Vaults:5 | Reached skill level 10 in Dodging
 56331 | Vaults:5 | Reached XP level 25. HP: 285/285 MP: 42/42
 56382 | Vaults:5 | Noticed Boris
 56395 | Vaults:5 | Killed Boris
 56450 | Vaults:5 | Identified the +0 helmet "Galovev" {+Blink}
 56470 | Vaults:5 | Got a silver rune of Zot
 56651 | Vaults:5 | Found the +2 cloak of the Thief {*Fog Slay-2 SInv Stlth+}
 56677 | Vaults:5 | Identified the +11 hand axe of Karychel {vamp, +Blink
                  | Stlth+}
 56854 | Vaults:5 | Identified the +1 arbalest of Icyw {flame, Dex+4}
 56946 | Vaults:5 | Gained mutation: You are agile. (Dex +4, Str/Int -1)
                  | [Jiyva's grace]
 56946 | Vaults:5 | Gained mutation: You are very agile. (Dex +8, Str/Int -2)
                  | [Jiyva's grace]
 56946 | Vaults:5 | Gained mutation: You have a pair of small antennae on your
                  | head. [Jiyva's grace]
 56946 | Vaults:5 | Gained mutation: You have a pair of antennae on your head.
                  | [Jiyva's grace]
 56990 | Vaults:5 | Identified the +8 great mace "Iqomul" {freeze, rN++ Int+3
                  | Dex-5}
 56990 | Vaults:5 | Identified the ring "Paogux" {rPois Str+5 Int-4}
 57039 | Vaults:5 | Identified the staff "Eviscerator" {*Slow rC+ Hexes Ice
                  | Alchemy}
 57448 | Vaults:5 | Identified the +2 leather armour of the Sky {rF+ Will+
                  | Dex-2}
 57769 | Depths:1 | Voluntarily entered the Abyss.
 57770 | Abyss:1  | Found a corrupted altar of Lugonu.
 57770 | Abyss:1  | Found a corrupted altar of Lugonu.
 57800 | Abyss:1  | Found a corrupted altar of Lugonu.
 57800 | Abyss:1  | Found a corrupted altar of Lugonu.
 57800 | Abyss:1  | Found a corrupted altar of Lugonu.
 57840 | Abyss:1  | Lost mutation: Your mind is very acute. (Int +8, Str/Dex
                  | -2) [a neqoxec]
 58009 | Abyss:1  | Found a corrupted altar of Lugonu.
 58016 | Abyss:1  | Found a corrupted altar of Lugonu.
 58131 | Abyss:2  | Paralysed by an air elemental for 1 turns
 58187 | Abyss:3  | Identified the +3 ring mail of Wiampush {*Corrode rElec
                  | rPois Regen+}
 58266 | Abyss:3  | Lost mutation: You are partially covered in iridescent
                  | scales. (AC +2) [Jiyva's grace]
 58266 | Abyss:3  | Lost mutation: You have a considerably increased reservoir
                  | of magic. (+20% MP) [Jiyva's grace]
 58266 | Abyss:3  | Lost mutation: You are very robust. (+20% HP) [Jiyva's
                  | grace]
 58266 | Abyss:3  | Lost mutation: You are robust. (+10% HP) [Jiyva's grace]
 58266 | Abyss:3  | Lost mutation: Your muscles are strong. (Str +4, Int/Dex
                  | -1) [Jiyva's grace]
 58266 | Abyss:3  | Lost mutation: Armour fits poorly on your massive
                  | pseudopods. [Jiyva's grace]
 58266 | Abyss:3  | Gained mutation: You can exhale a cloud of poison. [Jiyva's
                  | grace]
 58266 | Abyss:3  | Gained mutation: You have acidic saliva. [Jiyva's grace]
 58266 | Abyss:3  | Gained mutation: Your pliable body absorbs attacks. (AC +2,
                  | EV +2) [Jiyva's grace]
 58266 | Abyss:3  | Gained mutation: Your gelatinous body deflects attacks. (AC
                  | +3, EV +3) [Jiyva's grace]
 58359 | Abyss:3  | Found a corrupted altar of Lugonu.
 58366 | Abyss:3  | Got an abyssal rune of Zot
 58386 | Abyss:3  | Reached XP level 26. HP: 255/255 MP: 33/38
 58409 | Abyss:3  | Found a corrupted altar of Lugonu.
 58409 | Abyss:3  | Found a corrupted altar of Lugonu.
 58440 | Abyss:3  | Found a transporter.
 58445 | Abyss:3  | Identified the ring of Osud Mea {rN+ MP+9 Str+6}
 58452 | Abyss:3  | Found a transporter.
 58607 | Depths:1 | Escaped the Abyss
 58647 | Hell     | Entered the Vestibule of Hell
 58647 | Hell     | Noticed Geryon
 58654 | Hell     | Killed Geryon
 58700 | Hell     | Reached skill level 27 in Unarmed Combat
 59052 | Hell     | Found a gateway to the decaying netherworld of Tartarus.
 59113 | Hell     | Found a gateway to the freezing wastes of Cocytus.
 59222 | Hell     | Found a gateway to the Iron City of Dis.
 59261 | Hell     | Found a gateway to the ashen valley of Gehenna.
 59374 | Depths:1 | Learned a level 3 spell: Gell's Gravitas
 59461 | Zot:1    | Entered Level 1 of the Realm of Zot
 60041 | Zot:2    | Reached XP level 27. HP: 229/272 MP: 38/38
 60151 | Zot:2    | Identified a scroll of acquirement
 60151 | Zot:2    | Acquired the +2 barding of Inevitability {Regen+ Int+3}
 60207 | Zot:1    | Lost mutation: You possess an exceptional clarity of mind.
                  | [Jiyva's grace]
 60207 | Zot:1    | Lost mutation: Your mind is acute. (Int +4, Str/Dex -1)
                  | [Jiyva's grace]
 60207 | Zot:1    | Lost mutation: Your gelatinous body deflects attacks. (AC
                  | +3, EV +3) [Jiyva's grace]
 60207 | Zot:1    | Gained mutation: You have a pair of large antennae on your
                  | head. (SInv) [Jiyva's grace]
 60207 | Zot:1    | Gained mutation: You are robust. (+10% HP) [Jiyva's grace]
 60207 | Zot:1    | Gained mutation: You are very robust. (+20% HP) [Jiyva's
                  | grace]
 60207 | Zot:1    | Gained mutation: You are extremely robust. (+30% HP)
                  | [Jiyva's grace]
 61892 | Zot:3    | Noticed a dread lich
 61892 | Zot:3    | Noticed a dread lich
 61942 | Zot:3    | Identified the +1 glaive of Prescription {antimagic, *Rage
                  | rN+ SInv}
 61945 | Zot:4    | Killed a dread lich
 61961 | Zot:4    | Killed a dread lich
 61996 | Zot:3    | Found a faded altar of an unknown god.
 62005 | Zot:3    | Got Duhe's Quarto of Flinty Hypothermia
 62192 | Zot:4    | Lost mutation: You are very agile. (Dex +8, Str/Int -2)
                  | [Jiyva's grace]
 62192 | Zot:4    | Lost mutation: You are extremely robust. (+30% HP) [Jiyva's
                  | grace]
 62192 | Zot:4    | Lost mutation: You are very robust. (+20% HP) [Jiyva's
                  | grace]
 62192 | Zot:4    | Lost mutation: Your spells are a little harder to cast, but
                  | a little more powerful. [Jiyva's grace]
 62192 | Zot:4    | Lost mutation: Armour fits poorly on your large pseudopods.
                  | [Jiyva's grace]
 62192 | Zot:4    | Gained mutation: Your tail ends in a venomous barb.
                  | [Jiyva's grace]
 62192 | Zot:4    | Gained mutation: Your tail ends in a sharp venomous barb.
                  | [Jiyva's grace]
 62192 | Zot:4    | Gained mutation: Your tail ends in a wickedly sharp and
                  | venomous barb. [Jiyva's grace]
 62192 | Zot:4    | Gained mutation: Your melee attacks may engulf your foes in
                  | ooze. [Jiyva's grace]
 62225 | Zot:4    | Found a transporter.
 62296 | Zot:4    | Found a transporter.
 62856 | Zot:4    | Identified the +10 morningstar of Deunaa {freeze, Dex+2}
 62858 | Zot:4    | Identified the ring "Feitwesa" {rC+ Will+ Int+2}
 62866 | Zot:4    | Identified the ring of Carikhli {Fly rCorr Str+3 Dex+5}
 62870 | Zot:4    | Identified the +10 flail of Jucwuq {heavy, Fly rElec rN+++
                  | Str-4}
 62911 | Zot:5    | Entered Level 5 of the Realm of Zot
 63444 | Zot:5    | Noticed a dread lich
 63456 | Zot:5    | Killed a dread lich
 63494 | Zot:5    | Noticed an orb of fire
 63502 | Zot:5    | Killed an orb of fire
 63507 | Zot:5    | Noticed an ancient lich
 63514 | Zot:5    | Killed an ancient lich
 63516 | Zot:5    | Noticed a dread lich
 63520 | Zot:5    | Noticed an ancient lich
 63525 | Zot:5    | Killed a dread lich
 63539 | Zot:5    | Killed an ancient lich
 63555 | Zot:5    | Noticed an ancient lich
 63562 | Zot:5    | Killed an ancient lich
 63569 | Zot:5    | Noticed a dread lich
 63570 | Zot:5    | Noticed an ancient lich
 63572 | Zot:5    | Noticed an ancient lich
 63573 | Zot:5    | Noticed an orb of fire
 63577 | Zot:5    | Killed a dread lich
 63583 | Zot:5    | Killed an orb of fire
 63588 | Zot:5    | Killed an ancient lich
 63593 | Zot:5    | Killed an ancient lich
 63732 | Zot:5    | Lost mutation: Your tail ends in a wickedly sharp and
                  | venomous barb. [Jiyva's grace]
 63732 | Zot:5    | Lost mutation: You have acidic saliva. [Jiyva's grace]
 63732 | Zot:5    | Lost mutation: Armour fits poorly on your pseudopods.
                  | [Jiyva's grace]
 63732 | Zot:5    | Gained mutation: Your mind is acute. (Int +4, Str/Dex -1)
                  | [Jiyva's grace]
 63732 | Zot:5    | Gained mutation: Your mind is very acute. (Int +8, Str/Dex
                  | -2) [Jiyva's grace]
 63732 | Zot:5    | Gained mutation: Your tail ends in a wickedly sharp and
                  | venomous barb. [Jiyva's grace]
 63732 | Zot:5    | Gained mutation: You have a small jelly attached to you
                  | that may absorb projectiles. [Jiyva's grace]
 63747 | Zot:5    | Reached skill level 15 in Dodging
 63831 | Zot:5    | Noticed a dread lich
 63844 | Zot:5    | Killed a dread lich
 63847 | Zot:5    | Noticed an orb of fire
 63868 | Zot:5    | Killed an orb of fire
 63902 | Zot:5    | Noticed a dread lich
 63909 | Zot:5    | Killed a dread lich
 63988 | Zot:5    | Noticed an ancient lich
 63998 | Zot:5    | Killed an ancient lich
 64340 | Zig:1    | Entered Level 1 of a ziggurat
 64363 | Zig:1    | Acquired 468 gold pieces
 64366 | Zig:2    | Entered Level 2 of a ziggurat
 64388 | Zig:3    | Entered Level 3 of a ziggurat
 64402 | Zig:3    | Got Woecyul's Volume of Concussion
 64412 | Zig:4    | Entered Level 4 of a ziggurat
 64414 | Zig:4    | Noticed an ancient lich
 64414 | Zig:4    | Found the +8 Wrath of Trog {antimagic, *Rage Rampage}
 64420 | Zig:4    | Killed an ancient lich
 64439 | Zig:4    | Identified the +0 scale mail of Miaczea {Fly rElec Dex+4}
 64444 | Zig:5    | Entered Level 5 of a ziggurat
 64487 | Zig:5    | Got Ogry's Volume of Feculent Translocation
 64490 | Zig:5    | Identified the +4 dagger of Xuen {freeze, Will+ Str+5}
 64499 | Zig:6    | Entered Level 6 of a ziggurat
 64535 | Zig:6    | Identified the +0 quarterstaff of Moral Flaws {speed,
                  | rPois}
 64545 | Zig:7    | Entered Level 7 of a ziggurat
 64578 | Zig:7    | Identified the +9 quarterstaff "Jodut" {spect, +Blink rF+}
 64627 | Zig:8    | Entered Level 8 of a ziggurat
 64638 | Zig:8    | Paralysed by an air elemental for 1 turns
 64667 | Zig:8    | Identified the blade talisman "Nuxosa" {rPois}
 64673 | Zig:8    | Identified the staff "Jikuedum" {rC+ Str-2 Int+7 Ice}
 64675 | Zig:8    | Got the Codex of Changing Damage
 64697 | Zig:9    | Entered Level 9 of a ziggurat
 64744 | Zig:9    | Got the Incunabulum of Chilblains and the Band
 64746 | Zig:9    | Identified the +5 great sword of Diet Blood {flame, ^Drain
                  | rN+++ rCorr Int-2}
 64752 | Zig:9    | Identified the staff "Tawitoe" {rF+ rC+ Fire}
 64795 | Zig:10   | Entered Level 10 of a ziggurat
 64850 | Zig:10   | Identified the ring "Coprimylui" {^Contam rPois Will+ rCorr
                  | SInv}
 64864 | Zig:10   | Identified the +5 scimitar "Gixetez" {spect, *Slow rPois
                  | Str+7 Stlth+}
 64881 | Zig:11   | Entered Level 11 of a ziggurat
 64958 | Zig:11   | Learned a level 6 spell: Death Channel
 64961 | Zig:12   | Entered Level 12 of a ziggurat
 65015 | Zig:12   | Identified the +2 rapier of Midsummer {vamp, rElec Dex+4}
 65038 | Zig:12   | Identified the +5 chain mail of a volcano {Stlth+}
 65051 | Zig:12   | Reached skill level 10 in Necromancy
 65099 | Zig:13   | Entered Level 13 of a ziggurat
 65217 | Zig:14   | Entered Level 14 of a ziggurat
 65230 | Zig:14   | Noticed a royal mummy
 65231 | Zig:14   | Noticed a royal mummy
 65231 | Zig:14   | Found the +4 robe of Folly {Brill Will-∞ Int+8}
 65236 | Zig:14   | Killed a royal mummy
 65236 | Zig:14   | Killed a royal mummy
 65265 | Zig:14   | Found the +3 greatsling "Punk" {acid, rCorr}
 65272 | Zig:14   | Identified the +0 scale mail "Wefou" {Rampage}
 65276 | Zig:14   | Identified the orb "Gasi" {*Rage, Harm Fly Int+4 Stlth+}
 65278 | Zig:14   | Identified the +8 mace of Contention {flame, Dex+4}
 65279 | Zig:14   | Identified the ring "Amaibom" {AC+4 Str+3 Dex+2}
 65288 | Zig:14   | Got Figgelukh's Exposition on Immolation and Coordinates
 65326 | Zig:15   | Entered Level 15 of a ziggurat
 65481 | Zig:15   | Found the +8 pair of quick blades "Gyre" and "Gimble"
                  | {protect}
 65498 | Zig:15   | Identified the +1 pair of gloves of Serendipity {Slay+3}
 65506 | Zig:15   | Identified the ring "Inynu" {Wiz Int+4}
 65509 | Zig:15   | Identified the +3 broad axe of the Fae God {holy, *Corrode
                  | rElec rPois rF++}
 65513 | Zig:15   | Identified the +5 scale mail of Sait {Int+2}
 65524 | Zig:16   | Entered Level 16 of a ziggurat
 65556 | Zig:16   | Reached skill level 10 in Spellcasting
 65603 | Zig:16   | Identified the +3 leather armour of Ryul {Rampage Int+2}
 65611 | Zig:17   | Entered Level 17 of a ziggurat
 65632 | Zig:17   | Gained mutation: You are weak. (Str -2) [a neqoxec]
 65687 | Zig:17   | Identified the +0 pair of boots of Grace {rF+ Will+ Str+2}
 65732 | Zig:18   | Entered Level 18 of a ziggurat
 65748 | Zig:18   | Noticed an ancient lich
 65758 | Zig:18   | Killed an ancient lich
 65801 | Zig:18   | Found the +8 trishula "Condemnation" {holy, anguish, *Noise
                  | Fly rN+}
 65806 | Zig:18   | Found the +0 pair of fencer's gloves {Riposte Dex+3}
 65841 | Zig:18   | Identified the ring "Birrimp" {Ice Int+5}
 65855 | Zig:18   | Learned a level 4 spell: Animate Dead
 65866 | Zig:19   | Entered Level 19 of a ziggurat
 65990 | Pan      | Entered Pandemonium
 66156 | Pan      | Noticed Ero Gamepub the pandemonium lord
 66162 | Pan      | Gained mutation: Potions are less effective at restoring
                  | your health. [a cacodemon]
 66332 | Pan      | Killed Ero Gamepub the pandemonium lord
 66391 | Pan      | Got a demonic rune of Zot
 66440 | Pan      | Paralysed by accursed screaming for 1 turns
 66527 | Pan      | Lost mutation: You have a pair of large antennae on your
                  | head. (SInv) [Jiyva's grace]
 66527 | Pan      | Lost mutation: Your mind is very acute. (Int +8, Str/Dex
                  | -2) [Jiyva's grace]
 66527 | Pan      | Lost mutation: You are robust. (+10% HP) [Jiyva's grace]
 66527 | Pan      | Gained mutation: You are partially covered in iridescent
                  | scales. (AC +2) [Jiyva's grace]
 66527 | Pan      | Gained mutation: You are mostly covered in iridescent
                  | scales. (AC +4) [Jiyva's grace]
 66527 | Pan      | Gained mutation: You are completely covered in iridescent
                  | scales. (AC +6) [Jiyva's grace]
 66527 | Pan      | Gained mutation: You possess an exceptional clarity of
                  | mind. [Jiyva's grace]
 66826 | Pan      | Noticed Caeh the pandemonium lord
 66838 | Pan      | Killed Caeh the pandemonium lord
 67278 | Pan      | Acquired the ring of the Illusory Yaks {rElec MP+9 Str-2
                  | Int+2 Dex+8 SInv}
 67368 | Pan      | Noticed Yvvefio the pandemonium lord
 67379 | Pan      | Killed Yvvefio the pandemonium lord
 67471 | Pan      | Noticed Pabiax the pandemonium lord
 67474 | Pan      | Killed Pabiax the pandemonium lord
 67596 | Pan      | Noticed Guyl the pandemonium lord
 67612 | Pan      | Killed Guyl the pandemonium lord
 67700 | Pan      | Entered the realm of Lom Lobon.
 67784 | Pan      | Lost mutation: You are completely covered in iridescent
                  | scales. (AC +6) [Jiyva's grace]
 67784 | Pan      | Lost mutation: You are agile. (Dex +4, Str/Int -1) [Jiyva's
                  | grace]
 67784 | Pan      | Lost mutation: Your pliable body absorbs attacks. (AC +2,
                  | EV +2) [Jiyva's grace]
 67784 | Pan      | Lost mutation: You have a small jelly attached to you that
                  | senses nearby items. [Jiyva's grace]
 67784 | Pan      | Gained mutation: You are agile. (Dex +4, Str/Int -1)
                  | [Jiyva's grace]
 67784 | Pan      | Gained mutation: You are very agile. (Dex +8, Str/Int -2)
                  | [Jiyva's grace]
 67784 | Pan      | Gained mutation: You are completely covered in iridescent
                  | scales. (AC +6) [Jiyva's grace]
 67784 | Pan      | Gained mutation: You have a somewhat thin skeletal
                  | structure. (Dex +2, Stealth+) [Jiyva's grace]
 68089 | Pan      | Noticed Lom Lobon
 68099 | Pan      | Killed Lom Lobon
 68139 | Pan      | Got a magical rune of Zot
 68264 | Pan      | Entered the realm of Gloorx Vloq.
 68344 | Pan      | Identified the +4 glaive of Gozag's Grace {flame, rPois}
 68399 | Pan      | Noticed Gloorx Vloq
 68404 | Pan      | Killed Gloorx Vloq
 68411 | Pan      | Got a dark rune of Zot
 68533 | Pan      | Entered the realm of Cerebov.
 68661 | Pan      | Identified the +4 broad axe of the Turnip {holy, Int+3}
 68705 | Pan      | Found the +6 sword of Cerebov {flame}
 68705 | Pan      | Noticed Cerebov
 68738 | Pan      | Killed Cerebov
 68788 | Pan      | Identified the +1 glaive of Parts Unknown {holy, ^Contam
                  | Fly SInv}
 68815 | Pan      | Got a fiery rune of Zot
 69092 | Pan      | Identified the ring of Agiffekh {rF++ rCorr Str+6}
 69213 | Pan      | Identified the +1 storm dragon scales of Eternity {rElec
                  | rF+}
 69232 | Pan      | Identified the +8 ring mail "Efaeczux" {rElec rPois rF-
                  | Dex-3}
 69235 | Pan      | Identified the +2 spear "Lyeg" {speed, Int+3}
 69329 | Pan      | Entered the realm of Mnoleg.
 69549 | Pan      | Noticed Mnoleg
 69553 | Pan      | Paralysed by Mnoleg for 1 turns
 69555 | Pan      | Killed Mnoleg
 69600 | Pan      | Got a glowing rune of Zot
 69674 | Pan      | Noticed Nohualof the pandemonium lord
 69680 | Pan      | Killed Nohualof the pandemonium lord
 69692 | Pan      | Reached skill level 27 in Fighting
 69809 | Pan      | Found an exit through the horrors of the Abyss.
 69829 | Pan      | Took an exit into the Abyss.
 69829 | Abyss:3  | Escaped into the Abyss
 69858 | Depths:1 | Escaped the Abyss
 69912 | Geh:1    | Entered Level 1 of Gehenna
 69912 | Geh:1    | Lost mutation: You are completely covered in iridescent
                  | scales. (AC +6) [Jiyva's grace]
 69912 | Geh:1    | Lost mutation: Your mind is acute. (Int +4, Str/Dex -1)
                  | [Jiyva's grace]
 69912 | Geh:1    | Lost mutation: Your melee attacks may engulf your foes in
                  | ooze. [Jiyva's grace]
 69912 | Geh:1    | Gained mutation: Your natural rate of healing is unusually
                  | fast. [Jiyva's grace]
 69912 | Geh:1    | Gained mutation: You heal very quickly. [Jiyva's grace]
 69912 | Geh:1    | Gained mutation: You regenerate. [Jiyva's grace]
 69912 | Geh:1    | Gained mutation: You are covered in slimy tendrils that may
                  | disarm your opponents. [Jiyva's grace]
 70253 | Geh:2    | Reached skill level 15 in Stealth
 70458 | Geh:3    | Noticed an ancient lich
 70464 | Geh:3    | Killed an ancient lich
 71401 | Geh:7    | Entered Level 7 of Gehenna
 71728 | Geh:7    | Reached skill level 15 in Necromancy
 71965 | Geh:7    | Lost mutation: You have a pair of antennae on your head.
                  | [Jiyva's grace]
 71965 | Geh:7    | Lost mutation: You regenerate. [Jiyva's grace]
 71965 | Geh:7    | Lost mutation: Potions are less effective at restoring your
                  | health. [Jiyva's grace]
 71965 | Geh:7    | Gained mutation: You are completely covered in iridescent
                  | scales. (AC +6) [Jiyva's grace]
 71965 | Geh:7    | Gained mutation: You have a small jelly attached to you
                  | that senses nearby items. [Jiyva's grace]
 71965 | Geh:7    | Gained mutation: You regenerate. [Jiyva's grace]
 71965 | Geh:7    | Gained mutation: You have a considerably increased
                  | reservoir of magic. (+20% MP) [Jiyva's grace]
 72139 | Geh:7    | Found the +13 sceptre of Asmodeus
 72139 | Geh:7    | Noticed Asmodeus
 72149 | Geh:7    | Killed Asmodeus
 72159 | Geh:7    | Identified the staff of the Beast {rN+ Int+3 Hexes Necro}
 72160 | Geh:7    | Identified the +7 sling of Quumuogo {heavy, Fly rElec rPois
                  | Will-}
 72167 | Geh:7    | Identified the +4 war axe "Wasonl Aruan" {speed, *Noise
                  | Will++ Str+3}
 72168 | Geh:7    | Identified the +7 morningstar of Gin and Tonic {flame,
                  | *Corrode rPois rF+ Dex+2}
 72174 | Geh:7    | Got an obsidian rune of Zot
 72181 | Geh:7    | Identified the +0 robe of Somewhere Else {Dex+3}
 72182 | Geh:7    | Identified the staff "Taeblore" {Will+ Earth}
 72185 | Geh:7    | Identified the +2 helmet "Semops" {rPois Int+4 Dex+3}
 72392 | Tar:1    | Entered Level 1 of Tartarus
 72838 | Tar:2    | Noticed a dread lich
 72854 | Tar:2    | Killed a dread lich
 72949 | Tar:2    | Learned a level 6 spell: Dispersal
 73586 | Tar:7    | Entered Level 7 of Tartarus
 73663 | Tar:7    | Identified the ring "Xererups" {Ice +Blink Fly Str-2
                  | Slay+2}
 73708 | Tar:7    | Reached skill level 15 in Translocations
 73807 | Tar:7    | Noticed a dread lich
 73809 | Tar:7    | Noticed an ancient lich
 73811 | Tar:7    | Killed a dread lich
 73816 | Tar:7    | Killed an ancient lich
 73821 | Tar:7    | Identified the amulet "Quipoz" {Reflect *Slow Regen+ Int+6
                  | SH+5 SInv}
 73826 | Tar:7    | Got the Omnibus of Leaden Snow
 73928 | Tar:7    | Lost mutation: Your tail ends in a wickedly sharp and
                  | venomous barb. [Jiyva's grace]
 73928 | Tar:7    | Lost mutation: You have a somewhat thin skeletal structure.
                  | (Dex +2, Stealth+) [Jiyva's grace]
 73928 | Tar:7    | Lost mutation: You have a considerably increased reservoir
                  | of magic. (+20% MP) [Jiyva's grace]
 73928 | Tar:7    | Lost mutation: You regenerate. [Jiyva's grace]
 73928 | Tar:7    | Lost mutation: You can exhale a cloud of poison. [Jiyva's
                  | grace]
 73928 | Tar:7    | Lost mutation: You have a small jelly attached to you that
                  | may absorb projectiles. [Jiyva's grace]
 73928 | Tar:7    | Gained mutation: Armour fits poorly on your pseudopods.
                  | [Jiyva's grace]
 73928 | Tar:7    | Gained mutation: Armour fits poorly on your large
                  | pseudopods. [Jiyva's grace]
 73928 | Tar:7    | Gained mutation: Armour fits poorly on your massive
                  | pseudopods. [Jiyva's grace]
 73928 | Tar:7    | Gained mutation: Your pliable body absorbs attacks. (AC +2,
                  | EV +2) [Jiyva's grace]
 74020 | Tar:7    | Noticed a dread lich
 74033 | Tar:7    | Killed a dread lich
 74041 | Tar:7    | Noticed a dread lich
 74049 | Tar:7    | Killed a dread lich
 74060 | Tar:7    | Identified the +10 shortbow of Popular Demand {elec, rF+
                  | rN+ rCorr}
 74062 | Tar:7    | Got the Writings on Fire
 74082 | Tar:7    | Reached skill level 15 in Spellcasting
 74216 | Tar:7    | Noticed Ereshkigal
 74231 | Tar:7    | Killed Ereshkigal
 74331 | Tar:7    | Got a bone rune of Zot
 74830 | Coc:1    | Entered Level 1 of Cocytus
 75355 | Coc:4    | Paralysed by a wendigo for 1 turns
 75405 | Coc:4    | Paralysed by a wendigo for 1 turns
 75977 | Coc:7    | Entered Level 7 of Cocytus
 76400 | Coc:7    | Paralysed by a wendigo for 1 turns
 76507 | Coc:7    | Learned a level 8 spell: Borgnjor's Revivification
 76640 | Coc:7    | Identified the +2 rapier "Amotseme" {flame, rF++}
 76640 | Coc:7    | Noticed Antaeus
 76659 | Coc:7    | Killed Antaeus
 76660 | Coc:7    | Reached skill level 5 in Armour
 76699 | Coc:7    | Got an icy rune of Zot
 77093 | Dis:1    | Entered Level 1 of the Iron City of Dis
 77106 | Dis:1    | Noticed an ancient lich
 77106 | Dis:1    | Noticed an ancient lich
 77107 | Dis:1    | Noticed a dread lich
 77108 | Dis:1    | Noticed an ancient lich
 77113 | Dis:1    | Killed an ancient lich
 77116 | Dis:1    | Killed an ancient lich
 77118 | Dis:1    | Noticed a dread lich
 77118 | Dis:1    | Noticed an ancient lich
 77121 | Dis:1    | Killed an ancient lich
 77121 | Dis:1    | Noticed a dread lich
 77125 | Dis:1    | Killed a dread lich
 77129 | Dis:1    | Killed a dread lich
 77135 | Dis:1    | Killed an ancient lich
 77139 | Dis:1    | Killed a dread lich
 77173 | Dis:1    | Lost mutation: Your tail ends in a sharp venomous barb.
                  | [Jiyva's grace]
 77173 | Dis:1    | Lost mutation: You are very agile. (Dex +8, Str/Int -2)
                  | [Jiyva's grace]
 77173 | Dis:1    | Lost mutation: You are weak. (Str -2) [Jiyva's grace]
 77173 | Dis:1    | Lost mutation: Your pliable body absorbs attacks. (AC +2,
                  | EV +2) [Jiyva's grace]
 77173 | Dis:1    | Lost mutation: Armour fits poorly on your massive
                  | pseudopods. [Jiyva's grace]
 77173 | Dis:1    | Lost mutation: You expend magic power (3 MP) to strengthen
                  | your wands. [Jiyva's grace]
 77173 | Dis:1    | Gained mutation: Your skin changes colour to match your
                  | surroundings (Stealth+). [Jiyva's grace]
 77173 | Dis:1    | Gained mutation: Your skin blends seamlessly with your
                  | surroundings (Stealth++). [Jiyva's grace]
 77173 | Dis:1    | Gained mutation: Your skin perfectly mimics your
                  | surroundings (Stealth+++). [Jiyva's grace]
 77173 | Dis:1    | Gained mutation: Your tail ends in a sharp venomous barb.
                  | [Jiyva's grace]
 77478 | Dis:3    | Reached skill level 10 in Shields
 77861 | Dis:6    | Noticed a dread lich
 77866 | Dis:6    | Killed a dread lich
 77925 | Dis:7    | Entered Level 7 of the Iron City of Dis
 77985 | Dis:7    | Noticed a juggernaut
 77991 | Dis:7    | Killed a juggernaut
 77994 | Dis:7    | Noticed a juggernaut
 78008 | Dis:7    | Killed a juggernaut
 78203 | Dis:7    | Identified the +0 chain mail of the Unbroken {Int+3 Dex+3}
 78228 | Dis:7    | Noticed the Serpent of Hell
 78247 | Dis:7    | Noticed a juggernaut
 78254 | Dis:7    | Killed a juggernaut
 78256 | Dis:7    | Killed the Serpent of Hell
 78388 | Dis:7    | Noticed Dispater
 78404 | Dis:7    | Killed Dispater
 78434 | Dis:7    | Got an iron rune of Zot
 78437 | Dis:7    | Got Uciefa's Discourse on Brumal Scree
 78439 | Dis:7    | Identified the ring "Juam" {rPois rF++ AC+4}
 78531 | Dis:7    | Identified the +0 scale mail of Vaetues {rF+}
 78673 | Dis:7    | Lost mutation: You possess an exceptional clarity of mind.
                  | [Jiyva's grace]
 78673 | Dis:7    | Lost mutation: Armour fits poorly on your large pseudopods.
                  | [Jiyva's grace]
 78673 | Dis:7    | Gained mutation: Your body has grown eyes which may confuse
                  | attackers. (Acc +3) [Jiyva's grace]
 78673 | Dis:7    | Gained mutation: Your body has grown many eyes which may
                  | confuse attackers. (Acc +5) [Jiyva's grace]
 78673 | Dis:7    | Gained mutation: Your body is covered in eyes which may
                  | confuse attackers. (Acc +7, SInv) [Jiyva's grace]
 78673 | Dis:7    | Gained mutation: Your muscles are strong. (Str +4, Int/Dex
                  | -1) [Jiyva's grace]
 79475 | Crypt:1  | Entered Level 1 of the Crypt
 79632 | Crypt:2  | Identified the +1 cloak of Follow the Leader {Fly rPois
                  | rF+++ rN+ Will-}
 79674 | Crypt:2  | Reached skill level 10 in Armour
 79777 | Crypt:1  | Found an ancient bone altar of Kikubaaqudgha.
 79803 | Crypt:3  | Entered Level 3 of the Crypt
 79909 | Crypt:3  | Found an ancient bone altar of Kikubaaqudgha.
 79910 | Crypt:3  | Identified the ring "Isay" {Ice Int-5 Dex+6 Stlth+}
 79910 | Crypt:3  | Noticed Josephina
 79920 | Crypt:3  | Killed Josephina
 80091 | Crypt:3  | Lost mutation: Your tail ends in a sharp venomous barb.
                  | [Jiyva's grace]
 80091 | Crypt:3  | Lost mutation: Your skin perfectly mimics your surroundings
                  | (Stealth+++). [Jiyva's grace]
 80091 | Crypt:3  | Lost mutation: You are agile. (Dex +4, Str/Int -1) [Jiyva's
                  | grace]
 80091 | Crypt:3  | Lost mutation: You heal very quickly. [Jiyva's grace]
 80091 | Crypt:3  | Lost mutation: Your body is covered in eyes which may
                  | confuse attackers. (Acc +7, SInv) [Jiyva's grace]
 80091 | Crypt:3  | Lost mutation: You are covered in slimy tendrils that may
                  | disarm your opponents. [Jiyva's grace]
 80091 | Crypt:3  | Gained mutation: Your flesh is heat resistant. (rF+)
                  | [Jiyva's grace]
 80091 | Crypt:3  | Gained mutation: Your flesh is very heat resistant. (rF++)
                  | [Jiyva's grace]
 80091 | Crypt:3  | Gained mutation: Your flesh is almost immune to the effects
                  | of heat. (rF+++) [Jiyva's grace]
 80091 | Crypt:3  | Gained mutation: You are covered in slimy tendrils that may
                  | disarm your opponents. [Jiyva's grace]
 80130 | Crypt:3  | Found a staircase to the Tomb.
 80130 | Crypt:3  | Noticed an ancient lich
 80137 | Crypt:3  | Killed an ancient lich
 80144 | Crypt:3  | Got an ivory gem with 963 turns to spare
 81292 | Crypt:1  | Found a transporter.
 81306 | Crypt:1  | Found a transporter.
 81385 | Crypt:1  | Identified the scarf of Tehos {+Inv, Dex+3}
 81947 | Tomb:1   | Entered Level 1 of the Tomb of the Ancients
 82057 | Tomb:1   | Identified the +6 mace "Reuc Taf" {flame, rElec rN+++
                  | Will-}
 82185 | Tomb:1   | Lost mutation: Your skin blends seamlessly with your
                  | surroundings (Stealth++). [Jiyva's grace]
 82185 | Tomb:1   | Lost mutation: Your natural rate of healing is unusually
                  | fast. [Jiyva's grace]
 82185 | Tomb:1   | Lost mutation: Your muscles are strong. (Str +4, Int/Dex
                  | -1) [Jiyva's grace]
 82185 | Tomb:1   | Lost mutation: You are covered in slimy tendrils that may
                  | disarm your opponents. [Jiyva's grace]
 82185 | Tomb:1   | Lost mutation: You have a small jelly attached to you that
                  | senses nearby items. [Jiyva's grace]
 82185 | Tomb:1   | Gained mutation: Your spells are a little harder to cast,
                  | but a little more powerful. [Jiyva's grace]
 82185 | Tomb:1   | Gained mutation: Your spells are harder to cast, but more
                  | powerful. [Jiyva's grace]
 82185 | Tomb:1   | Gained mutation: Your spells are much harder to cast, but
                  | much more powerful. [Jiyva's grace]
 82185 | Tomb:1   | Gained mutation: Your movements are slightly less
                  | encumbered by armour. (ER -2) [Jiyva's grace]
 82273 | Tomb:1   | Noticed a royal mummy
 82279 | Tomb:1   | Killed a royal mummy
 82279 | Tomb:1   | Noticed a royal mummy
 82288 | Tomb:1   | Killed a royal mummy
 82374 | Tomb:2   | Noticed a royal mummy
 82375 | Tomb:2   | Noticed a royal mummy
 82378 | Tomb:2   | Noticed a royal mummy
 82380 | Tomb:2   | Killed a royal mummy
 82382 | Tomb:2   | Noticed a royal mummy
 82397 | Tomb:2   | Killed a royal mummy
 82401 | Tomb:2   | Paralysed by a Zot trap for 5 turns
 82411 | Tomb:2   | Slimified a royal mummy
 82411 | Tomb:2   | a royal mummy changed into an acid blob
 82533 | Tomb:2   | Slimified a royal mummy
 82533 | Tomb:2   | a royal mummy changed into an acid blob
 82624 | Tomb:1   | Noticed a royal mummy
 82628 | Tomb:1   | Killed a royal mummy
 82632 | Tomb:1   | Noticed a royal mummy
 82633 | Tomb:1   | Noticed a royal mummy
 82636 | Tomb:1   | Killed a royal mummy
 82640 | Tomb:1   | Killed a royal mummy
 82647 | Tomb:1   | Noticed a royal mummy
 82655 | Tomb:1   | Killed a royal mummy
 82660 | Tomb:1   | Noticed a royal mummy
 82663 | Tomb:1   | Noticed a royal mummy
 82664 | Tomb:1   | Killed a royal mummy
 82665 | Tomb:1   | Noticed a royal mummy
 82672 | Tomb:1   | Killed a royal mummy
 82676 | Tomb:1   | Killed a royal mummy
 82685 | Tomb:1   | Noticed a royal mummy
 82690 | Tomb:1   | Killed a royal mummy
 82728 | Tomb:1   | Noticed a royal mummy
 82740 | Tomb:1   | Killed a royal mummy
 82755 | Tomb:1   | Noticed a royal mummy
 82759 | Tomb:1   | Killed a royal mummy
 82823 | Tomb:1   | Noticed a royal mummy
 82828 | Tomb:1   | Killed a royal mummy
 82837 | Tomb:1   | Noticed a royal mummy
 82848 | Tomb:1   | Noticed a royal mummy
 82853 | Tomb:1   | Killed a royal mummy
 82856 | Tomb:1   | Killed a royal mummy
 82860 | Tomb:1   | Noticed a royal mummy
 82869 | Tomb:1   | Killed a royal mummy
 82954 | Tomb:2   | Paralysed by a Zot trap for 2 turns
 83035 | Tomb:3   | Entered Level 3 of the Tomb of the Ancients
 83058 | Tomb:3   | Noticed a royal mummy
 83084 | Tomb:3   | Noticed a royal mummy
 83093 | Tomb:3   | Noticed a royal mummy
 83093 | Tomb:3   | Noticed a royal mummy
 83093 | Tomb:3   | Killed a royal mummy
 83095 | Tomb:3   | Killed a royal mummy
 83099 | Tomb:3   | Noticed a royal mummy
 83102 | Tomb:3   | Noticed a royal mummy
 83102 | Tomb:3   | Noticed a royal mummy
 83102 | Tomb:3   | Noticed a royal mummy
 83102 | Tomb:3   | Noticed a royal mummy
 83127 | Tomb:3   | Killed a royal mummy
 83128 | Tomb:3   | Killed a royal mummy
 83128 | Tomb:3   | Killed a royal mummy
 83133 | Tomb:3   | Killed a royal mummy
 83134 | Tomb:3   | Reached skill level 27 in Dodging
 83143 | Tomb:3   | Slimified a royal mummy
 83143 | Tomb:3   | a royal mummy changed into an azure jelly
 83147 | Tomb:3   | Slimified a royal mummy
 83147 | Tomb:3   | a royal mummy changed into an acid blob
 83161 | Tomb:3   | Killed a royal mummy
 83207 | Tomb:3   | Got a sanguine gem with 130 turns to spare
 83209 | Tomb:3   | Got a golden rune of Zot
 83267 | Tomb:3   | Identified the ring of the Keeping Gods {rC++ rN++ Will-
                  | Int+6}
 83272 | Tomb:3   | Identified the +6 orcbow "Cuamaym" {drain, rF+ rC+ Str-2
                  | SInv}
 83274 | Tomb:3   | Identified the +4 shortbow "Eviscerator" {freeze, Dex+2}
 83277 | Tomb:3   | Identified the ring of Wicrem {rPois rCorr}
 83280 | Tomb:3   | Identified the +1 pair of gloves of Intercession {Will+
                  | Dex+3 Stlth+}
 83281 | Tomb:3   | Identified the +0 pair of gloves of Ziluelet {Str-5 Int+3}
 83282 | Tomb:3   | Identified the amulet "Xelatty" {Regen+ rCorr Dex+2}
 83313 | Tomb:3   | Identified the ring "Ruthobbu" {rN+ Int+4 Dex+7}
 84038 | Zot:5    | Got the Orb of Zot
 84044 | Zot:5    | Noticed Soxzeum the pandemonium lord
 84051 | Zot:5    | Killed Soxzeum the pandemonium lord
 84105 | Zot:4    | Noticed Boris
 84108 | Zot:4    | Killed Boris
 84137 | Zot:3    | Noticed Unu Kis the pandemonium lord
 84146 | Zot:3    | Killed Unu Kis the pandemonium lord
 84286 | Depths:4 | Noticed Neaqig the pandemonium lord
 84457 | D:12     | Noticed Cabiskan the pandemonium lord
 84460 | D:12     | Killed Cabiskan the pandemonium lord
 84521 | D:8      | Noticed Riss the pandemonium lord
 84521 | D:8      | Noticed Loel Goicoim the pandemonium lord
 84675 | D:2      | Noticed a seraph
 84685 | D:2      | Killed a seraph
 84746 | D:$      | Escaped with the Orb!

Illustrated notes

Levels and vault maps discovered:
D:1:      heliophobic_arrival_glass_houses, layout_loops_cross,
          shapermc_ecumenical_altar_notcrosses
D:2:      minmay_roachtagon, layout_loops_corners, basic_altar, hex_tiny,
          kennysheep_generic_room_2, uniq_robin
D:3:      layout_basic, mainiacjoe_overflow_brackets, jmf_multi_god_temple
D:4:      layout_loops_ring, minmay_temple_entry_offerings,
          gammafunk_ghost_grave, nzn_random_ring
D:5:      layout_gridville, lemuel_crystal_altar, general_overflow_altar,
          uniq_eustachio, uniq_edmund
D:6:      layout_basic, abandoned_shop, uniq_grinder, uniq_crazy_yiuf_cottage
D:7:      layout_loops_ring, xom_teletrap_fun, nicolae_overflow_hidden_temple
D:8:      layout_cave_pods, nrook_pool_corridor, minivault_5,
          kennysheep_cluttered_room, kennysheep_donut,
          nicolae_inconvenience_store, chequers_serial_rivers_micro_e,
          minmay_starry_boxes
D:9:      layout_loops_cross, nicolae_sif_muna_condensation
D:10:     layout_cave_pools, erik_lair_dragon, serial_column_ruins,
          column_ruins_circle_large, column_ruins_hut_ruined,
          column_ruins_corridor_corner, column_ruins_columns_straight,
          column_ruins_grid_1, column_ruins_corridor_straight, abandoned_shop,
          hangedman_feature_mirror, dreamdust_deal_with_the_devil,
          kennysheep_nondescript
D:11:     layout_loops_ring, minmay_orc_entry_temple_small, uniq_erolcha
D:12:     layout_roguey, ploomutoo_gammafunk_ghost_potion_laboratory,
          serial_demonic, serial_demonic_d, serial_demonic_f, serial_demonic_b,
          serial_demonic_e
D:13:     layout_cave_pools, erik_vaults_2, serial_shops,
          nicolae_shop_back_alley_shop, minmay_misc_feat_encased
D:14:     layout_big_octagon, grunt_gozag_breadcrumbs
D:15:     gammafunk_enter_depths_forms, layout_loops_ring, grunt_decor_fettered,
          minmay_misc_feat_iff, kennysheep_treasure_room
Temple:   compressed_dpeg_circular_temple
Lair:1:   layout_big_grid, beast_lair_carwin_2, uniq_gastronok
Lair:2:   layout_chaotic_city, nicolae_shoals_entry_roost,
          gammafunk_ghost_necromancy
Lair:3:   layout_misc_corridors, spider_nest_entry_funnel_web,
          lemuel_fruit_tree, grunt_megastairs_4
Lair:4:   layout_cave_shapes, wad_woods_river_01, uniq_rupert
Lair:5:   evilmike_catoblepas_cave, layout_hall_layers,
          dpeg_slime_entry_enclosed
Shoals:1: layout_shoals, nicolae_shoals_stone_sculpture_thing, uniq_louise
Shoals:2: layout_shoals, nicolae_stop_n_shop_1
Shoals:3: layout_shoals, serial_shops, nicolae_lakefront_shop, uniq_ilsuiw,
          uniq_polyphemus
Shoals:4: shoals_end_grunt_ice, layout_shoals, nicolae_shoals_loop_pool
Spider:1: layout_cave_pods, portal_ice_cave_entry_pillars_three,
          nicolae_spider_swamp_cousins, uniq_aizul
Spider:2: layout_spider_delve, hellmonk_ghost_happy_afterlife
Spider:3: layout_chambers, ebering_ghost_rock_garden
Spider:4: grunt_spider_rune_parallel, uniq_roxanne
Slime:1:  layout_caves
Slime:2:  layout_caves, uniq_dissolution
Slime:3:  layout_caves
Slime:4:  layout_caves, dissolution_awaits
Slime:5:  slime_pit_nicolae_inversion
Orc:1:    layout_caves, nicolae_shop_firing_range
Orc:2:    kennysheep_orc_mage_school, layout_caves,
          blackcustard_mines_bat_river, uniq_saint_roka
Elf:1:    elf_arrival_002, layout_onion_city, serial_co_window_serial,
          co_window_paths_b, co_window_of_opportunity_a, co_window_paths_b,
          co_window_paths_a, co_window_paths_a, co_window_paths_a,
          co_window_of_opportunity_b, co_window_broadway_a,
          co_window_broadway_c, co_window_2corner, co_window_broadway_a,
          co_window_of_opportunity_c, glass_columns_a, glass_columns_a,
          minivault_28
Elf:2:    nicolae_elf_blades_splatter_lattice [nooodl_blade_entry_preview],
          layout_loops_ring, grunt_ministairs_11, minivault_19
Elf:3:    minmay_elf_hall_not_hex, layout_loops_corners
Vaults:1: minmay_guarded_unrand_guard, vaults_standard_mumra_enter_the_diamond,
          nicolae_vaults_little_squares_1, vaults_room_boxed,
          nicolae_vaults_ring_of_whatevers, hangedman_vaults_maws,
          nicolae_vaults_tetromino_L_1, nicolae_vaults_door_testing_chamber,
          nicolae_vaults_tetromino_L_2, hangedman_vaults_snaps, v_misc_31,
          v_misc_25, nicolae_vaults_diamond_1, layout_vaults_omnibox,
          serial_shops, shop_statue, uniq_norris
Vaults:2: v_rooms_2, nicolae_vaults_closet_pinwheel_4, v_misc_15,
          minmay_crypt_entry_simple_corners, v_misc_4,
          nicolae_vaults_trapezoid_lopsided_1, v_alt_pattern_6,
          nicolae_vaults_six-pack, nicolae_vaults_house_1, v_misc_5,
          layout_vaults_chaotic_city, serial_shops, shop
Vaults:3: hangedman_vaults_capsules, nicolae_vaults_alarming, v_rooms_6,
          nicolae_vaults_triangles, nicolae_vaults_spaceships,
          vaults_dpeg_encased_lava, nicolae_vaults_loss_of_containment,
          nicolae_vaults_weapon_check, nicolae_vaults_trapezoid_2,
          v_alt_pattern_1, v_misc_16, nicolae_vaults_diamond_1,
          grunt_vaults_diagonal, layout_vaults_maze
Vaults:4: nicolae_vaults_little_ls, v_misc_23, v_misc_33,
          nicolae_vaults_variable_pillar_hall, vaults_room_glass_cross,
          v_misc_30, serial_library_hellmonk_open_square,
          nicolae_vaults_trapezoid_3, nicolae_vaults_network_s,
          nicolae_vaults_closet_pinwheel_6, v_misc_10, layout_vaults_omnicross,
          serial_shops, shop
Vaults:5: uniq_boris
Crypt:1:  gammafunk_sealed_arena, layout_basic, nicolae_crypt_little_mausoleum,
          grunt_crypt_arrival_webbed, lemuel_upstairs_altar
Crypt:2:  layout_chaotic_city, grunt_megastairs_5
Crypt:3:  grunt_crypt_end_deaths_head, uniq_josephina
Tomb:1
Tomb:2
Tomb:3
Depths:1: lemuel_minitomb, layout_gridlike, enter_ziggurat_b, abyss_entry,
          pan_entry, serial_curves, eino_curves_03, eino_curves_02,
          eino_curves_03, eino_curves_04, hell_entry, patterned_corridor,
          serial_bayou_shore_b, uniq_bai_suzhen
Depths:2: minmay_ornate_pinched, layout_cave_pools, grunt_pan_entry_in_and_out,
          nicolae_eternal_life, hell_entry, grunt_tower_of_power, uniq_mara
Depths:3: minmay_octagon_city, layout_basic, abyss_entry, grunt_metal_band,
          enter_trove_6
Depths:4: grunt_zot_entry_funnels, layout_gridville, hellmouth_1,
          rand_demon_pan_entry_7, serial_bayou_pond_c,
          chequers_serial_rivers_micro_a, drop_trap, bloody_trog
Hell
Dis:1:    nicolae_dis_array, layout_subdivisions, nicolae_hells_leichenhalle
Dis:2:    layout_gridville
Dis:3:    layout_regular_city
Dis:4:    nicolae_dis_hell_of_blades
Dis:5:    layout_regular_city
Dis:6:    nicolae_dis_hell_towers
Dis:7:    dis_grunt_layers
Geh:1:    layout_gehenna_pools_box, nicolae_geh_sunburst
Geh:2:    layout_gehenna_pools_basic
Geh:3:    layout_gehenna_pools_triple, nicolae_geh_lava_rosette
Geh:4:    layout_gehenna_pools_basic
Geh:5:    nicolae_geh_gridlava [nicolae_sub_geh_gridintersect,
          nicolae_sub_geh_gridintersect, nicolae_sub_geh_gridintersect,
          nicolae_sub_geh_gridintersect], layout_gehenna_pools_basic
Geh:6:    layout_gehenna_lava_caves, nicolae_hells_hurtin_island
Geh:7:    geh_mu
Coc:1:    layout_cocytus_water_paths
Coc:2:    layout_ice_bergs
Coc:3:    layout_cocytus_delve
Coc:4:    layout_cocytus_water_paths
Coc:5:    layout_ice_bergs
Coc:6:    layout_cocytus_water_paths
Coc:7:    coc_mu
Tar:1:    layout_cathedral_of_symmetry, nicolae_tar_cuneiform_oil
Tar:2:    layout_honeycomb
Tar:3:    layout_cathedral_of_symmetry, nicolae_tar_cuneiform_city
Tar:4:    layout_grid_maze
Tar:5:    layout_grid_maze
Tar:6:    layout_catacombs, nicolae_tar_cuneiform_heaven
Tar:7:    tar_grunt_cathedral
Zot:1:    layout_misc_corridors
Zot:2:    layout_gridville, regret_index_zotdec_dark_gr, grunt_megastairs_1
Zot:3:    regret_index_infernal_bastille, layout_gridlike, zot_minivault_8
Zot:4:    gammafunk_its_a_trap, layout_misc_corridors, st_single_dragon_hoard_3,
          grunt_ministairs_10
Zot:5:    layout_gridlike

Skill      XL: |  1  2  3  4  5  6  7  8  9 10 11 12 13 14 15 16 17 18 19 20 21 22 23 24 25 26 27 |
---------------+----------------------------------------------------------------------------------+-----
Shapeshifting  | 4 5 10 11 13 14 16 17 18 19 25 | 25.9
Stealth        | 2 4 6 7 9 10 12 13 21 | 21.4
Dodging        | 2 3 4 5 6 7 10 11 27 | 27.0
Fighting       | 2 4 5 7 8 9 10 12 13 14 16 18 20 27 | 27.0
Short Blades   | 1 3 4 |  4.0
Armour         | 1 3 4 10 | 10.0
Unarmed Combat | 4 5 9 12 13 15 16 17 18 19 22 24 25 26 27 | 27.0
Shields        | 1 3 4 5 7 14 | 14.9
Polearms       | 3 |  3.0
Conjurations   | 2 |  2.4
Alchemy        | 6 10 11 12 | 12.0
Maces & Flails | 3 4 5 6 |  6.0
Spellcasting   | 2 3 5 6 7 8 21 | 21.4
Air Magic      | 1 3 5 |  5.0
Necromancy     | 6 20 | 20.3
Fire Magic     | 2 |  2.0
Translocations | 4 6 9 11 12 17 | 17.4

Action                     |  1- 3 |  4- 6 |  7- 9 | 10-12 | 13-15 | 16-18 | 19-21 | 22-24 | 25-27 || total
---------------------------+-------+-------+-------+-------+-------+-------+-------+-------+-------++-------
  Melee: Unarmed           |    83 |       |       |       |   395 |   901 |   850 |  1104 |  6041 ||  9374
         Short sword       |    18 |   182 |   471 |       |       |       |       |       |       ||   671
         Punch             |       |     2 |    10 |     3 |       |       |       |       |       ||    15
         Halberd           |       |       |    16 |    76 |       |       |       |       |       ||    92
         Mace              |       |       |       |   468 |   298 |    19 |       |       |       ||   785
         Constrict         |       |       |       |       |   151 |   169 |   157 |   136 |   903 ||  1516
         Maw               |       |       |       |       |   265 |   244 |       |       |       ||   509
         Bite              |       |       |       |       |       |       |     9 |   176 |   191 ||   376
         Pseudopods        |       |       |       |       |       |       |       |    35 |   925 ||   960
  Throw: Dart              |       |       |       |       |     1 |       |       |       |       ||     1
   Cast: Sting             |       |       |       |    53 |    37 |    86 |    12 |       |       ||   188
         Mercury Vapours   |       |       |       |    45 |    31 |    31 |     7 |       |       ||   114
         Olgreb's Toxic Ra |       |       |       |    63 |   126 |   171 |   150 |    77 |    85 ||   672
         Vampiric Draining |       |       |       |     6 |     7 |       |       |       |       ||    13
         Sticky Flame      |       |       |       |       |     3 |    16 |       |       |       ||    19
         Passage of Golubr |       |       |       |       |       |     5 |     2 |     3 |    32 ||    42
         Dispel Undead     |       |       |       |       |       |     6 |       |       |       ||     6
         Lesser Beckoning  |       |       |       |       |       |       |    10 |     6 |    39 ||    55
         Blink             |       |       |       |       |       |       |     6 |     7 |     9 ||    22
         Vhi's Electric Ch |       |       |       |       |       |       |    17 |    69 |   815 ||   901
         Manifold Assault  |       |       |       |       |       |       |    11 |   117 |   936 ||  1064
         Alistair's Intoxi |       |       |       |       |       |       |       |     3 |     3 ||     6
         Apportation       |       |       |       |       |       |       |       |    13 |    58 ||    71
         Fugue of the Fall |       |       |       |       |       |       |       |    11 |    32 ||    43
         Teleport Other    |       |       |       |       |       |       |       |     1 |     3 ||     4
         Gell's Gravitas   |       |       |       |       |       |       |       |       |     3 ||     3
         Death Channel     |       |       |       |       |       |       |       |       |    84 ||    84
         Animate Dead      |       |       |       |       |       |       |       |       |    27 ||    27
 Invoke: Fiery Armour      |       |       |       |     3 |     3 |     1 |       |       |       ||     7
         Foxfire Swarm     |       |       |       |     2 |       |       |       |       |       ||     2
         Slimify           |       |       |       |       |       |       |       |       |     7 ||     7
         Oozemancy         |       |       |       |       |       |       |       |       |     1 ||     1
Ability: Spit Poison       |    20 |    20 |    41 |    65 |    84 |   113 |    66 |     8 |       ||   417
         Begin Untransform |     2 |       |       |       |     2 |     1 |       |       |     2 ||     7
         Breathe Poison Ga |       |       |       |       |       |       |       |       |     4 ||     4
  Evoke: Wand              |       |       |       |       |     7 |    14 |       |     1 |     2 ||    24
         Sack of spiders   |       |       |       |       |     1 |     1 |       |     1 |     2 ||     5
         Condenser vane    |       |       |       |       |       |     1 |       |     2 |     3 ||     6
         Lightning rod     |       |       |       |       |       |       |       |       |    11 ||    11
         Phial of floods   |       |       |       |       |       |       |       |       |     1 ||     1
         Phantom mirror    |       |       |       |       |       |       |       |       |     1 ||     1
    Use: Potion            |       |     4 |     1 |     7 |     3 |    11 |     7 |     8 |    45 ||    86
         Scroll            |       |       |     7 |     7 |    10 |    17 |    11 |     3 |    42 ||    97
   Stab: Sleeping          |     1 |     4 |     9 |    12 |    15 |    26 |    31 |     9 |    45 ||   152
         Paralysed         |       |       |       |       |     9 |       |       |       |       ||     9
         Distracted        |       |       |       |       |     1 |     3 |     1 |     3 |    59 ||    67
         Petrified         |       |       |       |       |       |     4 |       |       |       ||     4
         Petrifying        |       |       |       |       |       |     1 |       |       |       ||     1
         Invisible         |       |       |       |       |       |       |     9 |       |     5 ||    14
         Confused          |       |       |       |       |       |       |     3 |     1 |    23 ||    27
 Armour: Skin              |    42 |    29 |       |       |   290 |   915 |   828 |   829 |  3330 ||  6263
         Animal skin       |     7 |    92 |   183 |    64 |       |       |       |       |       ||   346
         Steam dragon scal |       |       |       |   540 |   209 |       |       |       |       ||   749
  Dodge: Dodged            |    51 |    82 |   134 |   394 |   300 |   469 |   492 |   477 |  4953 ||  7352
  Block: Buckler           |       |       |    27 |   146 |   212 |   606 |   608 |   532 |  3409 ||  5540
         Reflection        |       |       |       |       |     3 |    34 |    60 |    11 |    90 ||   198
         Kite shield       |       |       |       |       |       |    43 |       |       |       ||    43
         Other             |       |       |       |       |       |    17 |       |       |       ||    17
   Form: Flux              |     1 |       |       |       |       |       |       |       |       ||     1
         Serpent           |       |       |       |       |     3 |     6 |       |       |       ||     9
         Maw               |       |       |       |       |     1 |     3 |     1 |       |       ||     5
         Statue            |       |       |       |       |       |     4 |     2 |       |     3 ||     9
                           |       |       |       |       |       |     1 |       |       |       ||     1
         Blade             |       |       |       |       |       |       |     2 |       |       ||     2
         Storm             |       |       |       |       |       |       |       |       |     1 ||     1
